 Dungeon Crawl Stone Soup version 0.31-b1-17-gcfd88c8481 (webtiles) character file.

Game seed: 15231851788344011556

2694909 ketchum the Shapeless Merfolk (level 27, 249/249 HPs)
             Began as a Merfolk Shapeshifter on Jan 15, 2024.
             Was the Champion of Dithmenos.
             Escaped with the Orb
             ... and 5 runes on Jan 16, 2024!
             The game lasted 06:08:32 (92524 turns).

ketchum the Shapeless Merfolk (MfSh)               Turns: 92524, Time: 06:08:33

Health: 249/249    AC: 22    Str: 29    XL:     27
Magic:  28/28      EV: 49    Int: 14    God:    Dithmenos [******]
Gold:   8163       SH: 36    Dex: 34    Spells: 22/33 levels left

rFire   + + +        a - +9 double sword (vamp) {rare}
rCold   + + +        s - +8 tower shield {AC+3}
rNeg    + + +        z - +8 ring mail of Impermeability {rPois rC+ rCorr}
rPois   ∞            J - -1 helmet "Cowkug" {Int+3 Dex+7}
rElec   .            o - scarf {rC+ rF+}
rCorr   +            d - +0 pair of gloves of the Untouchables {rN+ Int+5}
SInv    .            T - +2 pair of boots {Stlth+}
Will    +++++        h - amulet of the Four Winds {rN+ Will+++ Clar, unrand}
Stlth   +++++++      j - ring of Xowkade {^Contam rF+++ rN+++ Str+6 Int-4}
HPRegen 0.61/turn    Z - ring of Ecvat Saec {EV+5 Str+4 Dex+3}
MPRegen 0.21/turn

%: clarity
@: death-form, wreathed by umbra, studying 6 skills
A: vile attack, torment immunity, no potions, (nimble swimmer 2), mertail, cold
resistance 2, strong 1, inability to drink after injury 1
0: Orb of Zot
}: 5/15 runes: barnacled, slimy, silver, demonic, gossamer
a: Siphon Essence, Begin Untransformation, Renounce Religion, Shadow Step,
Shadow Form


You escaped.
You worshipped Dithmenos.
Dithmenos was exalted by your worship.
You were an undying horror.
You visited 12 branches of the dungeon, and saw 56 of its levels.
You visited Pandemonium 1 time, and saw 1 of its levels.
You visited 1 bazaar.
You also visited: Gauntlet, Wizlab and Desolation.

You collected 13413 gold pieces.
You spent 5250 gold pieces at shops.


Innate Abilities, Weirdness & Mutations

You are an undying horror.
Your melee and unarmed attacks drain, slow and weaken victims.
You are immune to unholy pain and torment.
You cannot drink.
You are immune to poison.
((You are very nimble when in or above water. (Stealth+, EV+, Speed+++)))
Your lower body shifts to a powerful aquatic tail in water.
Your flesh is very cold resistant. (rC++)
Your muscles are strong. (Str +4, Int/Dex -1)
You occasionally lose the ability to drink potions when taking damage.


   Skills:
 O Level 27 Fighting
 - Level 0.1(18.0) Short Blades
 O Level 27 Long Blades
 - Level 8.0 Armour
 O Level 27 Dodging
 * Level 22.9 Stealth
 + Level 22.9 Shields
 - Level 11.5 Unarmed Combat
 - Level 3.7 Spellcasting
 - Level 8.5 Hexes
 - Level 5.0 Invocations
 - Level 5.0 Evocations
 O Level 27 Shapeshifting


You had 22 spell levels left.
You knew the following spells:

 Your Spells              Type           Power      Damage    Failure   Level
a - Apportation           Tloc           4%         N/A       34%         1
e - Enfeeble              Hex            13%        N/A       100%        7
t - Tukima's Dance        Hex            26%        N/A       3%          3

Your spell library contained the following spells:

 Spells                   Type           Power      Damage    Failure   Level
 Jinxbite                 Hex            52%        N/A       1%          2
 Confusing Touch          Hex            26%        N/A       3%          3
 Ensorcelled Hibernation  Hex/Ice        28%        N/A       10%         2
 Cause Fear               Hex            13%        N/A       11%         4
 Dazzling Flash           Conj/Hex       28%        N/A       19%         3
 Inner Flame              Hex/Fire       14%        N/A       19%         3
 Kiss of Death            Conj/Necr      8%         2d6       34%         1
 Magic Dart               Conj           8%         1d3       34%         1
 Necrotise                Necr           8%         1d4       34%         1
 Sandblast                Erth           4%         2d4       34%         1
 Sting                    Conj/Alch      8%         1d3       34%         1
 Summon Small Mammal      Summ           8%         N/A       34%         1
 Blink                    Tloc           4%         N/A       47%         2
 Call Imp                 Summ           4%         N/A       47%         2
 Cigotuvi's Dreadful Rot  Necr/Alch/Air  4%         N/A       47%         2
 Lesser Beckoning         Tloc           4%         N/A       47%         2
 Mercury Vapours          Alch/Air       4%         N/A       47%         2
 Momentum Strike          Conj/Tloc      4%         3d8       47%         2
 Scorch                   Fire           4%         2d5       47%         2
 Searing Ray              Conj           4%         2d4       47%         2
 Static Discharge         Conj/Air       4%         3-4/arc   47%         2
 Sublimation of Blood     Necr           2%         N/A       47%         2
 Anguish                  Hex/Necr       7%         N/A       52%         4
 Dimensional Bullseye     Hex/Tloc       7%         N/A       52%         4
 Call Canine Familiar     Summ           2%         N/A       71%         3
 Frozen Ramparts          Ice            4%         1d1       71%         3
 Fugue of the Fallen      Necr           2%         N/A       71%         3
 Gell's Gravitas          Tloc           2%         N/A       71%         3
 Hailstorm                Conj/Ice       2%         3d5       71%         3
 Mephitic Cloud           Conj/Alch/Air  2%         N/A       71%         3
 Ozocubu's Armour         Ice            2%         N/A       71%         3
 Passwall                 Erth           2%         N/A       71%         3
 Stone Arrow              Conj/Erth      4%         3d7       71%         3
 Summon Ice Beast         Ice/Summ       2%         N/A       71%         3
 Swiftness                Air            2%         N/A       71%         3
 Volatile Blastmotes      Fire/Tloc      4%         2d10      71%         3
 Metabolic Englaciation   Hex/Ice        7%         N/A       86%         5
 Silence                  Hex/Air        7%         N/A       86%         5
 Summon Mana Viper        Hex/Summ       14%        N/A       86%         5
 Yara's Violent Unravell  Hex/Alch       7%         3d5       86%         5
 Animate Armour           Summ/Erth      4%         N/A       98%         4
 Animate Dead             Necr           2%         N/A       98%         4
 Brom's Barrelling Bould  Conj/Erth      2%         2d3       98%         4
 Dispel Undead            Necr           2%         3d7       98%         4
 Fulminant Prism          Conj/Alch      1%         3d5       98%         4
 Ignite Poison            Fire/Alch      2%         N/A       98%         4
 Iskenderun's Mystic Bla  Conj/Tloc      2%         2d3       98%         4
 Leda's Liquefaction      Alch/Erth      1%         N/A       98%         4
 Manifold Assault         Tloc           2%         N/A       98%         4
 Martyr's Knell           Necr/Summ      2%         N/A       98%         4
 Passage of Golubria      Tloc           2%         N/A       98%         4
 Petrify                  Alch/Erth      2%         N/A       98%         4
 Sticky Flame             Fire/Alch      2%         2d4       98%         4
 Summon Blazeheart Golem  Fire/Summ      2%         N/A       98%         4
 Summon Lightning Spire   Summ/Air       2%         N/A       98%         4
 Alistair's Intoxication  Alch           1%         N/A       100%        5
 Curse of Agony           Necr           2%         N/A       100%        5
 Freezing Cloud           Conj/Ice/Air   1%         6-21      100%        5
 Irradiate                Conj/Alch      1%         3d12      100%        5
 Lee's Rapid Deconstruct  Erth           1%         3d4*      100%        5
 Summon Forest            Summ/Tloc      1%         N/A       100%        5
 Death Channel            Necr           1%         N/A       100%        6
 Dispersal                Tloc           1%         N/A       100%        6
 Eringya's Noxious Bog    Alch           1%         4d6       100%        6
 Sculpt Simulacrum        Ice/Alch       1%         N/A       100%        6
 Summon Cactus Giant      Summ           1%         N/A       100%        6
 Haunt                    Necr/Summ      1%         N/A       100%        7
 Monstrous Menagerie      Summ           1%         N/A       100%        7
 Orb of Destruction       Conj           1%         9d5       100%        7
 Ozocubu's Refrigeration  Ice            1%         4d7       100%        7
 Spellforged Servitor     Conj/Summ      1%         N/A       100%        7
 Borgnjor's Revivificati  Necr           1%         N/A       100%        8
 Disjunction              Tloc           1%         N/A       100%        8
 Ignition                 Fire           1%         3d3       100%        8
 Infestation              Necr           1%         N/A       100%        8
 Lehudib's Crystal Spear  Conj/Erth      1%         10d2      100%        8
 Maxwell's Capacitive Co  Air            1%         ∞         100%        8
 Death's Door             Necr           1%         N/A       100%        9
 Polar Vortex             Ice            1%         N/A       100%        9

Inventory:

Hand Weapons
 a - a +9 vampiric double sword (weapon) {rare}
   (You subdued it on level 2 of the Elven Halls)
 b - the +10 zealot's sword {holy, Zealotry, *Rage rN+ EV+3, unrand}
   (You found it on level 14 of the Dungeon)

   Zealotry:  Whenever the wielder enters a berserk rage, their allies are
   berserked alongside them.
   EV+3:      It affects your evasion (+3).
   rN+:       It protects you from negative energy.
   *Rage:     It berserks you when you make melee attacks (+20% chance).
 g - the +8 storm bow {elec, penet, unrand}
   (You found it on level 3 of the Elven Halls)
 k - a +2 eudemon blade of holy wrath
   (You took it off a daeva in Pandemonium)
 C - the +8 mithril axe "Arga" {speed, Will+, unrand}
   (You found it on level 3 of the Depths)

   Will+:     It increases your willpower.
 L - the +3 greatsling "Punk" {acid, rCorr, unrand}
   (You took it off a yaktaur captain on level 5 of the Vaults)

   rCorr:     It protects you from acid and corrosion.
 P - the +8 trishula "Condemnation" {holy, anguish, *Noise Fly rN+, unrand}
   (You took it off a necromancer on level 3 of the Crypt)

   rN+:       It protects you from negative energy.
   Fly:       It grants you flight.
   *Noise:    It may make a loud noise when swung.
Armour
 d - the +0 pair of gloves of the Untouchables (worn) {rN+ Int+5}
   (You found it on level 12 of the Dungeon)

   Int+5:     It affects your intelligence (+5).
   rN+:       It protects you from negative energy.
 o - a scarf of resistance (worn)
   (You found it on level 2 of the Shoals)
 s - a +8 tower shield of protection (worn)
   (You took it off a vault warden on level 4 of the Vaults)
 z - the +8 ring mail of Impermeability (worn) {rPois rC+ rCorr}
   (You found it on level 2 of the Depths)

   rC+:       It protects you from cold.
   rPois:     It protects you from poison rCorr: It protects you from acid and
   corrosion.
 H - the +2 hat of the Bear Spirit {Spirit, Bear, *Rage Will++, unrand}
   (You found it in the Desolation of Salt)

   Bear:      Going berserk makes the wearer exceptionally tough, and they are
   slowed for a shorter time afterward.
   Will++:    It greatly increases your willpower.
   *Rage:     It berserks you when you make melee attacks (+20% chance).
 J - the -1 helmet "Cowkug" (worn) {Int+3 Dex+7}
   (You found it in a Gauntlet)

   Int+3:     It affects your intelligence (+3).
   Dex+7:     It affects your dexterity (+7).
 T - a +2 pair of boots of stealth (worn)
   (You found it on level 5 of the Pits of Slime)
Jewellery
 h - the amulet of the Four Winds (around neck) {rN+ Will+++ Clar, unrand}
   (You bought it in a shop on level 3 of the Shoals)

   [amulet of nothing]

   rN+:       It protects you from negative energy.
   Will+++:   It greatly increases your willpower.
   Clar:      It protects you from confusion, rage, mesmerisation and fear.
 j - the ring of Xowkade (left hand) {^Contam rF+++ rN+++ Str+6 Int-4}
   (You found it in a Gauntlet)

   [ring of strength]

   Str+6:     It affects your strength (+6).
   Int-4:     It affects your intelligence (-4).
   rF+++:     It renders you almost immune to fire.
   rN+++:     It renders you almost immune to negative energy.
   ^Contam:   It causes magical contamination when unequipped.
 v - the ring of Mistrust {rC+ rN+}
   (You took it off a seraph in Pandemonium)

   [ring of protection from cold]

   rC+:       It protects you from cold.
   rN+:       It protects you from negative energy.
 B - the amulet "Acruatziod" {Faith ^Fragile Dex+5}
   (You took it off a cherub in Pandemonium)

   [amulet of faith]

   Faith:     It allows you to gain divine favour quickly.
   Dex+5:     It affects your dexterity (+5).
   ^Fragile:  It will be destroyed if unequipped.
 M - the amulet of Elemental Vulnerability {rPois rF-- rC-- AC+8, unrand}
   (You found it on level 4 of the Shoals)

   [amulet of nothing]

   AC+8:      It affects your AC (+8).
   rF--:      It makes you very vulnerable to fire.
   rC--:      It makes you very vulnerable to cold.
   rPois:     It protects you from poison
 R - the ring "Zoon" {rN+ Will+ SInv}
   (You took it off a necromancer on level 3 of the Crypt)

   [ring of see invisible]

   rN+:       It protects you from negative energy.
   Will+:     It increases your willpower.
   SInv:      It lets you see invisible.
 W - the amulet of Mirth {Acrobat rF+ Slay+6}
   (You took it off an ironbound preserver on level 5 of the Vaults)

   [amulet of the acrobat]

   Acrobat:   It increases your evasion while moving and waiting.
   Slay+6:    It affects your accuracy & damage with ranged weapons and melee
   (+6).
   rF+:       It protects you from fire.
 X - the necklace of Bloodlust {Fury *Rage Will++ Int-3 Slay+6, unrand}
   (You bought it in a shop on level 4 of the Vaults)

   [amulet of nothing]

   Fury:      It extends the wearer's berserk rage when killing foes.
   Int-3:     It affects your intelligence (-3).
   Slay+6:    It affects your accuracy & damage with ranged weapons and melee
   (+6).
   Will++:    It greatly increases your willpower.
   *Rage:     It berserks you when you make melee attacks (+50% chance).
 Z - the ring of Ecvat Saec (right hand) {EV+5 Str+4 Dex+3}
   (You found it in the Desolation of Salt)

   [ring of evasion]

   EV+5:      It affects your evasion (+5).
   Str+4:     It affects your strength (+4).
   Dex+3:     It affects your dexterity (+3).
Talismans
 n - a granite talisman
   (You took it off Roxanne on level 3 of the Spider Nest)
 F - the dragon-blood talisman "Sedo Xog" {rN+ Stlth+}
   (You found it on level 5 of the Pits of Slime)

   [dragon-blood talisman]

   rN+:       It protects you from negative energy.
   Stlth+:    It makes you more stealthy.
 S - the death talisman of Geesoz Lec (active) {rF+}
   (You found it on level 5 of the Vaults)

   [talisman of death]

   rF+:       It protects you from fire.
Wands
 m - a wand of flame (3)
   (You found it in Pandemonium)
 q - a wand of acid (32)
   (You found it on level 5 of the Lair of Beasts)
 u - a wand of digging (30)
   (You found it on level 4 of the Dungeon)
 y - a wand of mindburst (60)
   (You found it on level 4 of the Dungeon)
 A - a wand of charming (65)
   (You found it on level 9 of the Dungeon)
 N - a wand of roots (41)
   (You took it off Maurice on level 10 of the Dungeon)
Scrolls
 e - 6 scrolls of teleportation {@r4}
 i - 6 scrolls of butterflies
 r - 7 scrolls of enchant weapon
 t - 6 scrolls of revelation {!r}
 G - 5 scrolls of brand weapon
 K - 9 scrolls of fog
 O - 9 scrolls of fear
 U - 5 scrolls of enchant armour
 V - 2 scrolls of blinking {!r}
Potions
 c - 6 potions of mutation {!q}
 f - 12 potions of enlightenment
 l - 11 potions of heal wounds {@q2}
 p - 8 potions of haste {@q3}
 w - 26 potions of curing {@q1}
 D - 2 potions of resistance
 E - 11 potions of cancellation
 I - 2 potions of invisibility
 Y - 12 potions of might
Miscellaneous
 x - a sack of spiders
   (You found it on level 1 of the Lair of Beasts)
 Q - a phantom mirror
   (You bought it in a shop on level 1 of the Shoals)

Dungeon Overview and Level Annotations

Branches:
Dungeon (15/15)            Temple (0/1) D:7            Lair (5/5) D:9
 Shoals (4/4) Lair:2       Spider (4/4) Lair:2        Slime (5/5) Lair:4
    Orc (2/2) D:10            Elf (3/3) Orc:2        Vaults (5/5) D:13
  Crypt (3/3) Vaults:3       Tomb (0/3) Crypt:3      Depths (4/4) D:15
   Hell (visited)             Dis (0/7) Hell            Geh (0/7) Hell
    Coc (0/7) Hell            Tar (0/7) Hell            Zot (5/5) Depths:4
 WizLab (visited)         Desolation (visited)      Gauntlet (visited)

Altars:
Dithmenos
Gozag
Kikubaaqudgha
Nemelex Xobeh
Okawaru
Trog
Vehumet
Xom
Yredelemnul
The Shining One
Ignis
Jiyva
Lugonu

Shops:
D:9 *   D:10 [   Orc:2 ((:(   Elf:1 *:==(   Elf:3 (   Shoals:1 *   Shoals:3 =
Vaults:3 (   Vaults:4 ?:[=   Zot:2 *

Portals:
Hell: Depths:1 Depths:2 Depths:3 Depths:4
Abyss: D:4 Depths:1 Depths:3 Depths:4
Pandemonium: Depths:1 Depths:2
Ziggurat: Depths:4

Annotations:
Depths:2 exclusion: downstairs
Depths:3 Boris

#.#######.# #.###.#.......
#.#
#.###########..##.......
#.#
###~~~~~~~~~###.#.......
#.######
#~~~~~~°~~~~#...#...#..
#.)....#
#~○~#~~☼~#~~###.##.##..
######.# #~~~~~~~~~~~#
#.##.##.. #)###~~~~~~~~~~~#
#.#...#..
#...###############...#...#
#.#..'....z....'..#.#...###
#.###############...##.##
#.# #~~~~~~~§~~~###.##.####
##.#
#~~~~~~~~~~~#...##.....
#..#
#○~○#~°~~#~~##..#######
#..# #~~~~~~~~~~~#...# #..#
##~~§~~~~~~###.##
###..############## #.#
#.............#.#.###.#
#####


There were no monsters in sight!


Message History

The green death is heavily wounded.
You slice the green death!!
The green death decays.
The green death is almost dead.
Your shadow hits the green death with a double sword.
You kill the green death!
Dithmenos accepts your kill.
There is a stone staircase leading up here.
You climb upwards.
There is a stone staircase leading down here.
A demonspawn warmonger comes into view.
It is wielding a +3 battleaxe of venom and wearing a +3 chain mail of cold resistance.
A chaos spawn comes into view.
The demonspawn warmonger calls down the wrath of its god upon you.
Your magic feels tainted.
There is an open door here.
The chaos spawn sets off the alarm!
The alarm trap emits a blaring wail!
A sentinel's mark forms upon you.
The demonspawn warmonger calls down the wrath of its god upon you.
Your magic feels more tainted.
There is a stone staircase leading up here.
You climb upwards.
There is a stone staircase leading down here.
There is a stone staircase leading up, spattered with blood here.
You climb upwards.
There is a stone staircase leading down here.
You cannot drink potions in your current state!
There is a stone staircase leading up here.
You climb upwards.
The sentinel's mark upon you fades away.
There is a stone staircase leading down here.
Things that are here:
a +0 robe; a +0 dagger Your magic seems less tainted.
There is an escape hatch in the ceiling here.
A mysterious force pulls you upwards. The hatch slams shut behind you.
There is an escape hatch in the floor here.
There is a stone staircase leading up here.
You climb upwards.
There is a stone staircase leading down here.
There is a stone staircase leading up, spattered with blood here.
You climb upwards.
There is a stone staircase leading down here.
There is an open door here.
A blizzard demon comes into view.
There is a stone staircase leading up here.
The blizzard demon gestures at you. The bolt of cold misses you.
You climb upwards.
There is a stone staircase leading down here.
A Ditsanai and a reaper come into view.
The reaper is wielding a +2 scythe of venom.
Press: ? - help, v - describe, . - travel
Here: Ditsanai (umbra)
The floor.
Press: ? - help, v - describe, . - travel
Here: Ditsanai (umbra)
The floor.
Press: ? - help, v - describe, . - travel
Here: Ditsanai (umbra)
The floor.
Unknown command.
There is a stone staircase leading up here.
You climb upwards.
There is a stone staircase leading down here.
There is a stone staircase leading up here.
You climb upwards.
There is a stone staircase leading down here.
There is an escape hatch in the ceiling here.
A mysterious force pulls you upwards. The hatch slams shut behind you.
A Tzitzimitl comes into view.
The Tzitzimitl moves out of view.
The Tzitzimitl completely misses you. You block the Tzitzimitl's attack.
You carve the Tzitzimitl like a ham!!!!
The Tzitzimitl decays.
The Tzitzimitl is severely wounded.
You slice the Tzitzimitl!!
The Tzitzimitl decays.
The Tzitzimitl is almost dead.
Your shadow hits the Tzitzimitl with a double sword.
You block the Tzitzimitl's attack. The Tzitzimitl completely misses you.
You slice the Tzitzimitl!!
You kill the Tzitzimitl!
Dithmenos accepts your kill.
You feel your dexterity returning.
There is a strange disturbance nearby!
A sixfirhy comes into view.
The sixfirhy attacks as it pursues you! You block the sixfirhy's attack.
The sixfirhy completely misses you. You block the sixfirhy's attack.
You closely miss the sixfirhy. You slice the sixfirhy!!
The sixfirhy decays.
The sixfirhy is severely wounded.
Your shadow hits the sixfirhy with a double sword!
You kill the sixfirhy!
Dithmenos accepts your kill.
You see here 5 javelins.
There is an escape hatch in the ceiling here.
You hear a grinding noise.
A mysterious force pulls you upwards. The hatch slams shut behind you.
There is an open door here.
There is a staircase leading out of the dungeon here.
You cannot drink potions in your current state!
You have escaped!

Skill      XL: |  1  2  3  4  5  6  7  8  9 10 11 12 13 14 15 16 17 18 19 20 21 22 23 24 25 26 27 |
---------------+----------------------------------------------------------------------------------+-----
Dodging        | 3 4 5 7 10 14 17 18 19 20 22 24 27 | 27.0
Unarmed Combat | 4 5 8 9 10 11 | 11.5
Fighting       | 2 3 5 8 11 14 15 17 18 20 22 23 27 | 27.0
Stealth        | 1 2 3 4 5 9 10 12 13 14 15 16 17 22 | 22.9
Shapeshifting  | 5 7 8 9 10 12 14 16 18 20 21 23 24 25 27 | 27.0
Long Blades    | 4 7 12 14 15 16 17 21 23 24 27 | 27.0
Shields        | 6 10 12 13 15 16 18 22 | 22.9
Invocations    | 3 5 |  5.0
Armour         | 3 5 6 8 |  8.0
Evocations     | 4 5 |  5.0
Hexes          | 8 |  8.5
Spellcasting   | 3 |  3.7
Short Blades   | |  0.1

Action                     |  1- 3 |  4- 6 |  7- 9 | 10-12 | 13-15 | 16-18 | 19-21 | 22-24 | 25-27 || total
---------------------------+-------+-------+-------+-------+-------+-------+-------+-------+-------++-------
  Melee: Unarmed           |    42 |   117 |       |       |     4 |       |       |       |       ||   163
         Punch             |     1 |     4 |    12 |    15 |    26 |       |       |       |       ||    58
         Dagger            |       |     8 |     1 |     1 |    30 |       |       |       |       ||    40
         Short sword       |       |    20 |    38 |       |    65 |       |       |       |       ||   123
         War axe           |       |       |   201 |   303 |       |       |       |       |       ||   504
         Scimitar          |       |       |       |   191 |   553 |       |       |       |       ||   744
         Great sword       |       |       |       |    13 |       |       |       |       |       ||    13
         Tailslap          |       |       |       |     6 |     1 |    74 |    32 |       |    12 ||   125
         Long sword        |       |       |       |       |   600 |  1482 |   487 |       |       ||  2569
         Bite              |       |       |       |       |     1 |       |       |       |       ||     1
         Double sword      |       |       |       |       |       |       |   835 |  1304 |  2395 ||  4534
         Eudemon blade     |       |       |       |       |       |       |       |   306 |  1402 ||  1708
         Demon blade       |       |       |       |       |       |       |       |       |    10 ||    10
   Fire: Sling             |    24 |    38 |     1 |       |       |       |       |       |       ||    63
  Evoke: Wand              |       |     6 |     3 |     4 |    12 |     5 |       |       |     6 ||    36
         Sack of spiders   |       |       |       |       |     2 |       |       |       |       ||     2
         Tin of tremorston |       |       |       |       |     1 |       |       |       |       ||     1
         Phantom mirror    |       |       |       |       |       |     1 |       |       |       ||     1
    Use: Potion            |       |     1 |     1 |     4 |     4 |     1 |     7 |     1 |    11 ||    30
         Scroll            |       |       |    10 |     7 |    19 |     6 |    11 |    15 |    20 ||    88
   Stab: Sleeping          |     3 |     3 |    26 |    11 |    69 |    60 |    47 |    80 |    68 ||   367
         Distracted        |       |     1 |       |     2 |    10 |    14 |    16 |    11 |    39 ||    93
         Held in net/web   |       |       |       |       |     1 |       |       |       |       ||     1
 Armour: Animal skin       |    13 |    23 |       |       |       |       |       |       |       ||    36
         Leather armour    |       |    31 |   161 |   155 |       |       |       |       |       ||   347
         Skin              |       |    37 |     4 |       |     2 |   196 |   369 |   376 |   262 ||  1246
         Troll leather arm |       |       |       |   118 |   294 |   205 |    29 |    35 |       ||   681
         Ring mail         |       |       |       |       |       |       |       |    15 |   323 ||   338
  Dodge: Dodged            |    23 |   102 |   429 |  1142 |   934 |  1851 |  1627 |  2312 |  3089 || 11509
  Block: Kite shield       |       |       |       |       |   501 |  1771 |  1755 |  1476 |       ||  5503
         Tower shield      |       |       |       |       |       |       |       |  1053 |  5907 ||  6960
         Form:             |       |       |     1 |       |     1 |       |     2 |     2 |     9 ||    15
         Beast             |       |       |     1 |       |       |       |       |       |       ||     1
         Dragon            |       |       |       |       |     1 |       |       |       |       ||     1
         Statue            |       |       |       |       |       |     1 |     2 |     3 |     8 ||    14
         Death             |       |       |       |       |       |       |       |     2 |    12 ||    14

Levels and vault maps discovered:
D:1:      saegor_arrival_miasma, layout_loops_ring,
          ebering_ecumenical_altar_rust
D:2:      layout_loops_ring, lexackson_kobold_supper
D:3:      layout_basic, serial_bayou_pond_a, minmay_fractal_squares_diagonal_5,
          uniq_natasha
D:4:      layout_loops_cross, gammafunk_ghost_abyssal_escape, st_stairs_3
D:5:      layout_basic, nicolae_yredelemnul_corpse_copse
D:6:      layout_loops_corners, uniq_blork_the_orc
D:7:      layout_loops_ring, minitemple, minmay_temple_entry_ruins
D:8:      layout_layer_cave, gammafunk_ghost_stat_death,
          chequers_serial_rivers_micro_c
D:9:      layout_loops_ring, mainiacjoe_overflow_brackets,
          minmay_lair_entry_grove, serial_shops, nicolae_diamond_shop
D:10:     gammafunk_jiyva_shrine, layout_basic, orc_0_dummy, serial_shops, shop,
          chequers_serial_rivers_room_b, uniq_maurice
D:11:     layout_basic, kennysheep_doodads
D:12:     evilmike_iron_armoury, layout_irregular_city
D:13:     minmay_the_grid_square_5x5_4x4 [minmay_the_grid_square_5x5_n,
          minmay_the_grid_square_5x5_tri_point,
          minmay_the_grid_square_5x5_checkered_statues,
          minmay_the_grid_square_5x5_broken_cross,
          minmay_the_grid_square_5x5_inset,
          minmay_the_grid_square_5x5_prize_snowflake,
          minmay_the_grid_square_5x5_prize_deathbox,
          minmay_the_grid_square_5x5_z, minmay_the_grid_square_5x5_forky,
          minmay_the_grid_square_5x5_prize_open,
          minmay_the_grid_square_5x5_prize_open,
          minmay_the_grid_square_5x5_gyroscope,
          minmay_the_grid_square_5x5_spiral, minmay_the_grid_square_5x5_lines,
          minmay_the_grid_square_5x5_one_wall,
          minmay_the_grid_square_5x5_six_small], layout_loops_cross,
          hellmonk_vaults_attempted_burglary, gauntlet_entry_generic
D:14:     regret_index_infernal_bastille, layout_loops_cross,
          dreamdust_mushroom_princess, nemelex_xobeh_ov_fountains_minmay
D:15:     grunt_enter_depths_snipers, layout_irregular_city,
          hangedman_glass_teeth, nicolae_diode_basic
Lair:1:   lemuel_ratsnest, layout_regular_city, minivault_24,
          nicolae_quartered_pool_super, columned_hall_lemuel,
          nicolae_lair_lakeside_cave
Lair:2:   layout_hall_layers, nicolae_shoals_entry_flooding,
          spider_nest_entry_rubble
Lair:3:   minmay_lair_venomous_thicket, layout_misc_corridors,
          grunt_forest_stairs_clearing
Lair:4:   regret_index_combs_of_tragedy, layout_loops_ring, slime_entry_2,
          serial_bayou_shore_b
Lair:5:   hangedman_lair_tendril_chambers, layout_regular_city, wormcave,
          basic_altar
Shoals:1: layout_shoals, nicolae_shop_clearance, uniq_donald
Shoals:2: layout_shoals, ebering_ghost_rock_garden
Shoals:3: nicolae_shoals_deep_elves_summer_vacation, layout_shoals,
          serial_shops, nicolae_shop_rolling_square
Shoals:4: shoals_end_grunt_garden, layout_shoals, nicolae_shoals_shepherds
Spider:1: layout_spider_delve, uniq_kirke
Spider:2: layout_spider_delve
Spider:3: layout_spider_delve, uniq_mara, uniq_roxanne
Spider:4: grunt_spider_rune_circles
Slime:1:  layout_caves
Slime:2:  layout_caves, cheibrodos_slime_lost_civilization_6
Slime:3:  layout_caves
Slime:4:  layout_caves
Slime:5:  slime_pit
Orc:1:    layout_caves, mines2_lemuel
Orc:2:    st_orc_pillars, layout_diamond_mine, uniq_sonja
Elf:1:    minmay_slanted_spiral_squares, layout_loops_corners, serial_shops,
          nicolae_shop_tiny_statue_garden, basic_altar, ebering_ghost_gozag,
          kennysheep_underground_church, nicolae_concentric_dashed_squares_wild,
          minmay_shop_grove
Elf:2:    nicolae_elf_blades_splatter_lattice
          [nicolae_blade_entry_hurt_lockers], layout_geoelf_diagonals
Elf:3:    elf_hall, layout_geoelf_castle, serial_shops, nicolae_shop_mannequins,
          serial_corexii_hall, corexii_hall_statues_x, chequers_hall_statues_y,
          corexii_hall_statues_l, chequers_hall_statues_wall_a,
          infiniplex_enter_wizlab_water
Vaults:1: portal_desolation_entry_twin_temple, nicolae_vaults_tetromino_L_2,
          nicolae_vaults_apartment_1, serial_library_hellmonk_angled_corner,
          nicolae_vaults_more_shelving_2, v_rooms_3, v_pattern_2,
          nicolae_vaults_storage_closets_3, vaults_room_pools,
          nicolae_vaults_trapezoid_lopsided_1,
          nicolae_vaults_variable_pillar_hall, nicolae_vaults_storage_closets_1,
          nicolae_vaults_sesquioval_fish, nicolae_vaults_theta,
          layout_vaults_maze_bifur
Vaults:2: v_misc_31, nooodl_orcs_dogs, nicolae_vaults_shelves_hall, v_misc_23,
          v_misc_26, nicolae_vaults_trapezoid_lopsided_3,
          nicolae_vaults_tetromino_T_1, v_alt_pattern_2, hangedman_vaults_nails,
          grunt_vaults_funnel, ontoclasm_vaults_spin, layout_vaults_big_room,
          serial_shops, bzr_entry_gold
Vaults:3: hangedman_vaults_restitches, vaults_room_fours, v_pattern_5,
          nicolae_vaults_diamond_2, nicolae_vaults_rhombus_7,
          hangedman_vaults_nails, nicolae_vaults_two_Ls,
          minmay_crypt_entry_necro_gods, vaults_room_semicircle,
          layout_vaults_omnigrid, serial_shops,
          nicolae_shop_bloodbath_and_beyond, uniq_boris, uniq_jory
Vaults:4: hangedman_vaults_slice, v_misc_17, nicolae_vaults_lightning_bolt,
          gammafunk_the_bubble [the_bubble_gammafunk_grid],
          hangedman_vaults_slice, vaults_standard_mumra_enter_the_diamond,
          nicolae_vaults_offset_grid_hallway_1, v_misc_11,
          nicolae_vaults_house_3, hangedman_vaults_locks, vaults_room_pools,
          nicolae_vaults_stepped_doors, nicolae_vaults_double_plus_1,
          nicolae_vaults_tetromino_Z_1, grunt_vaults_hallway_short,
          layout_vaults_omnicross, serial_shops, shop, shop, shop, shop
Vaults:5: serial_shops
Crypt:1:  layout_rooms, serial_co_window_serial, co_window_paths_a,
          co_window_paths_a, co_window_paths_a, co_window_paths_a,
          co_window_cross_1, co_window_paths_a, co_window_paths_b,
          co_window_corner_cb, co_window_of_opportunity_b, co_window_broadway_b,
          co_window_paths_c, basic_altar
Crypt:2:  lemuel_minitomb, layout_chaotic_city
Crypt:3:  evilmike_haunted_forest
Depths:1: layout_twisted_cross, serial_sigils, serial_sigils_hangedman_etch,
          serial_sigils_hangedman_gut, serial_sigils_hangedman_shear,
          serial_sigils_hangedman_writhe, serial_sigils_hangedman_clutch,
          hell_entry, abyss_entry_flame_altar, chequers_jeans, pan_entry,
          corner_web_ring, eino_small_chamber_without_monster,
          minmay_misc_feat_tiny, minmay_door_square
Depths:2: evilmike_negative_zone, layout_honeycomb, hellmouth_3, nrook_campfire,
          pan_entry
Depths:3: four-leaf_vault, layout_cave_pools, hangedman_abyss_entry_splay,
          pf_coc_iceberg, xom_confusion_cloud
Depths:4: evilmike_zot_entry_argh, layout_gridlike, enter_ziggurat_a,
          abyss_entry, pf_hell_entry_tar_river, lemuel_flamethrower_1,
          uniq_frederick
Hell
Zot:1:    layout_gridville, grunt_megastairs_5,
          regret_index_zotdec_twisting_globes, uniq_parghit
Zot:2:    layout_basic, gammafunk_ghost_cemetery, nicolae_transmutations_shop
Zot:3:    layout_misc_corridors
Zot:4:    layout_misc_corridors, drop_trap, uniq_grunn
Zot:5:    layout_basic

Notes
Turn   | Place    | Note
-------+----------+-------------------------------------------
     0 | D:1      | ketchum the Merfolk Shapeshifter began the quest for the
                  | Orb.
     0 | D:1      | Reached XP level 1. HP: 15/15 MP: 1/1
   233 | D:1      | Reached XP level 2. HP: 21/21 MP: 2/2
   236 | D:1      | You add the spells Inner Flame, Irradiate and Ignition to
                  | your library.
   243 | D:1      | Reached skill level 3 in Dodging
   328 | D:1      | Found a faded altar of an unknown god.
   361 | D:1      | Prayed at the altar of an unknown god.
   361 | D:1      | Became a worshipper of Dithmenos the Shadowed
   361 | D:1      | Reached * piety under Dithmenos
   607 | D:1      | Reached XP level 3. HP: 25/27 MP: 3/3
   722 | D:1      | Reached skill level 4 in Unarmed Combat
   788 | D:2      | Reached skill level 2 in Fighting
   975 | D:2      | Reached skill level 1 in Stealth
   975 | D:2      | Reached XP level 4. HP: 15/34 MP: 4/4
  1230 | D:2      | Reached skill level 4 in Dodging
  1235 | D:2      | Reached ** piety under Dithmenos
  1279 | D:2      | Reached skill level 2 in Stealth
  1690 | D:2      | You add the spells Animate Dead, Haunt and Infestation to
                  | your library.
  2189 | D:3      | Reached XP level 5. HP: 40/40 MP: 5/5
  2302 | D:3      | Reached skill level 3 in Fighting
  2313 | D:3      | You fall into a shaft and drop 3 floors!
  2480 | D:6      | Noticed a kobold brigand
  2557 | D:6      | Reached skill level 5 in Dodging
  2557 | D:6      | Reached skill level 3 in Stealth
  2700 | D:6      | Reached XP level 6. HP: 47/47 MP: 6/6
  2712 | D:6      | Reached skill level 4 in Stealth
  2809 | D:5      | Entered Level 5 of the Dungeon
  2953 | D:4      | Noticed a black bear
  2966 | D:5      | Killed a black bear
  2976 | D:5      | Reached *** piety under Dithmenos
  2977 | D:5      | Reached XP level 7. HP: 53/53 MP: 7/7
  3090 | D:4      | Identified a scroll of acquirement
  3094 | D:4      | Acquired a manual of Fighting
  3255 | D:4      | Identified the +7 war axe of the Nexus {heavy, rF+ rC-
                  | Dex+3 SInv}
  3290 | D:4      | Noticed a small abomination
  3292 | D:4      | Found a transporter.
  3314 | D:4      | Found a one-way gate to the infinite horrors of the Abyss.
  3314 | D:4      | Noticed occam's ghost (amateur TrSh)
  3353 | D:4      | Noticed a small abomination
  3589 | D:3      | Noticed Natasha
  3605 | D:3      | Killed Natasha
  3673 | D:3      | Noticed Natasha
  3949 | D:3      | Killed Natasha
  3950 | D:3      | Reached skill level 4 in Fighting
  3958 | D:3      | Noticed Natasha
  3972 | D:3      | Killed Natasha
  4188 | D:3      | Reached skill level 6 in Dodging
  4188 | D:3      | Reached skill level 5 in Stealth
  4367 | D:4      | Reached skill level 5 in Shapeshifting
  4455 | D:4      | Acquired a manual of Dodging
  4585 | D:4      | Reached **** piety under Dithmenos
  4591 | D:4      | Noticed an ancient zyme
  4651 | D:4      | Reached skill level 5 in Fighting
  4676 | D:4      | Reached skill level 7 in Dodging
  4799 | D:4      | Reached XP level 8. HP: 64/64 MP: 8/8
  4812 | D:5      | Reached skill level 6 in Fighting
  4820 | D:5      | Reached skill level 6 in Shapeshifting
  4934 | D:5      | Reached skill level 8 in Dodging
  5275 | D:5      | Reached skill level 7 in Fighting
  5298 | D:5      | Reached skill level 9 in Dodging
  5323 | D:5      | Found a basalt altar of Yredelemnul.
  5537 | D:6      | Reached skill level 7 in Shapeshifting
  5632 | D:6      | Reached skill level 8 in Fighting
  5632 | D:6      | Reached skill level 10 in Dodging
  5722 | D:6      | Reached XP level 9. HP: 75/75 MP: 9/9
  5967 | D:6      | Noticed Blork the orc
  5972 | D:6      | Killed Blork the orc
  6024 | D:6      | HP: 27/108 [orc warrior/+0 halberd (12)]
  6176 | D:6      | Reached skill level 9 in Fighting
  6176 | D:6      | Reached skill level 11 in Dodging
  6409 | D:7      | Noticed a cyclops
  6417 | D:7      | Reached skill level 8 in Shapeshifting
  6526 | D:7      | Reached skill level 12 in Dodging
  6541 | D:7      | Reached skill level 10 in Fighting
  6639 | D:7      | Found a staircase to the Ecumenical Temple.
  6666 | D:7      | Found a sparkling altar of Nemelex Xobeh.
  6763 | D:7      | You add the spells Ensorcelled Hibernation, Fugue of the
                  | Fallen and Anguish to your library.
  6885 | D:7      | Reached ***** piety under Dithmenos
  6976 | D:7      | You add the spells Jinxbite, Yara's Violent Unravelling and
                  | Enfeeble to your library.
  7144 | D:8      | Reached skill level 13 in Dodging
  7169 | D:8      | Found a transporter.
  7219 | D:8      | Noticed Taul's ghost (novice MiFi)
  7351 | D:8      | Reached skill level 11 in Fighting
  7390 | D:8      | Reached skill level 14 in Dodging
  7475 | D:8      | Reached XP level 10. HP: 89/89 MP: 10/10
  7485 | D:8      | Reached skill level 12 in Fighting
  7522 | D:8      | Reached skill level 15 in Dodging
  7537 | D:8      | Reached skill level 13 in Fighting
  7929 | D:8      | Found a transporter.
  8384 | D:8      | Reached skill level 1 in Long Blades
  8394 | D:8      | Reached skill level 2 in Long Blades
  8395 | D:8      | Reached skill level 16 in Dodging
  8521 | D:9      | Reached skill level 3 in Long Blades
  8590 | D:9      | Found Liwem's General Store.
  8723 | D:9      | Found a staircase to the Lair.
  8843 | D:9      | Reached skill level 14 in Fighting
  8843 | D:9      | Reached skill level 4 in Long Blades
  8876 | D:9      | Reached skill level 17 in Dodging
  8896 | D:9      | Reached XP level 11. HP: 98/100 MP: 11/11
  9096 | D:9      | Noticed a soul eater
  9282 | D:9      | Reached skill level 18 in Dodging
  9291 | D:9      | Found a glowing golden altar of the Shining One.
  9474 | D:10     | Entered Level 10 of the Dungeon
  9477 | D:10     | Found a viscous altar of Jiyva.
  9519 | D:10     | Noticed a two-headed ogre
  9699 | Lair:1   | Entered Level 1 of the Lair of Beasts
  9726 | Lair:1   | Reached skill level 6 in Stealth
  9735 | Lair:1   | Noticed a skyshark
  9760 | Lair:1   | Killed a skyshark
  9762 | Lair:1   | Reached skill level 7 in Stealth
  9841 | Lair:1   | You fall into a shaft and drop 1 floor!
  9900 | Lair:1   | Reached skill level 5 in Long Blades
 10257 | D:10     | Killed a two-headed ogre
 10258 | D:10     | Reached skill level 6 in Long Blades
 10258 | D:10     | Reached skill level 8 in Stealth
 10265 | D:10     | Found Acronlit's Antique Armour Boutique.
 10277 | D:10     | Found a staircase to the Orcish Mines.
 10314 | D:10     | Identified the +0 robe of Distant Worlds {Str+2 Dex+3}
 10480 | D:10     | Found a transporter.
 10480 | D:10     | Found a transporter.
 10729 | D:10     | Noticed Maurice
 10786 | D:10     | Reached skill level 7 in Long Blades
 10927 | D:10     | Maurice stole a +1 great sword of freezing
 10931 | D:10     | Killed Maurice
 10932 | D:10     | Reached skill level 9 in Shapeshifting
 11261 | D:11     | Reached skill level 9 in Stealth
 11267 | D:11     | Reached XP level 12. HP: 99/107 MP: 12/12
 11391 | D:11     | Reached skill level 8 in Long Blades
 11503 | D:11     | Reached ****** piety under Dithmenos
 11608 | D:11     | Noticed a two-headed ogre
 11616 | D:11     | Killed a two-headed ogre
 12151 | Lair:1   | Reached skill level 10 in Stealth
 12157 | Lair:1   | Reached skill level 9 in Long Blades
 12175 | Lair:1   | Reached skill level 10 in Long Blades
 12364 | Lair:1   | You add the spells Apportation and Alistair's Intoxication
                  | to your library.
 12369 | Lair:1   | You add the spells Ignite Poison and Sticky Flame to your
                  | library.
 12588 | Lair:1   | Reached skill level 11 in Long Blades
 12613 | Lair:1   | Noticed an anaconda
 12645 | Lair:1   | Killed an anaconda
 12662 | Lair:1   | Reached skill level 12 in Long Blades
 12785 | Lair:1   | Noticed an alligator
 12785 | Lair:1   | Noticed a six-headed hydra
 12785 | Lair:1   | Noticed a four-headed hydra
 12785 | Lair:1   | Noticed an anaconda
 12846 | Lair:1   | Reached skill level 10 in Shapeshifting
 13090 | Lair:2   | Noticed a six-headed hydra
 13100 | Lair:2   | Killed a two-headed hydra
 13101 | Lair:2   | Reached XP level 13. HP: 91/113 MP: 13/13
 13226 | Lair:2   | Reached skill level 13 in Long Blades
 13500 | Orc:1    | Entered Level 1 of the Orcish Mines
 13505 | Orc:1    | Reached skill level 11 in Shapeshifting
 14318 | Orc:2    | Entered Level 2 of the Orcish Mines
 14340 | Orc:2    | Noticed Sonja
 14769 | Orc:2    | Killed Sonja
 15269 | Orc:2    | Found a staircase to the Elven Halls.
 15620 | Orc:2    | Reached skill level 14 in Long Blades
 16651 | Orc:2    | Reached skill level 12 in Shapeshifting
 17381 | Orc:2    | Reached skill level 11 in Stealth
 17828 | Orc:2    | Found Diobos's Antique Weapon Emporium.
 17831 | Orc:2    | Found Ydevaxau's Antique Weapon Emporium.
 17832 | Orc:2    | Found Feoneiv's Book Emporium.
 17833 | Orc:2    | Found Orphur's Weapon Shoppe.
 17841 | Orc:2    | Bought a smouldering short sword for 248 gold pieces
 17841 | Orc:2    | Identified the +6 short sword "Demonslayer" {drain, rElec
                  | Int+4 Stlth+} (You bought it in a shop on level 2 of the
                  | Orcish Mines)
 17997 | D:8      | Identified the ring "Huhioscho" {^Contam +Blink rPois rN+
                  | Dex+6}
 18115 | Lair:2   | Found a hole to the Spider Nest.
 18462 | Lair:2   | Reached skill level 12 in Stealth
 18549 | Lair:2   | Reached XP level 14. HP: 116/120 MP: 14/14
 18743 | Lair:2   | Reached skill level 13 in Stealth
 19059 | D:10     | Bought a glowing ring mail for 203 gold pieces
 19423 | D:12     | Reached skill level 13 in Shapeshifting
 19442 | D:12     | Found an iron altar of Okawaru.
 19529 | D:12     | You add the spells Dazzling Flash, Mephitic Cloud, Curse of
                  | Agony and Silence to your library.
 20111 | D:12     | Reached skill level 14 in Shapeshifting
 20122 | D:12     | Identified the +1 leather armour of Pandemonium {Rampage
                  | Int-4 Slay+2}
 20196 | D:12     | Identified the +0 pair of gloves of the Untouchables {rN+
                  | Int+5}
 20352 | D:13     | Reached skill level 15 in Long Blades
 20357 | D:13     | Found a gate leading to a gauntlet.
 20366 | Gauntlet | Entered a Gauntlet
 20366 | Gauntlet | Found a transporter.
 20369 | Gauntlet | Found a transporter.
 20381 | Gauntlet | Found a transporter.
 20385 | Gauntlet | Found a transporter.
 20395 | Gauntlet | Found a transporter.
 20415 | Gauntlet | Found a transporter.
 20422 | Gauntlet | Found a transporter.
 20426 | Gauntlet | Found a transporter.
 20441 | Gauntlet | Found a large runed translucent door.
 20441 | Gauntlet | Found a large runed translucent door.
 20442 | Gauntlet | Found a large runed translucent door.
 20443 | Gauntlet | Found a large runed translucent door.
 20444 | Gauntlet | Found a runed translucent gate.
 20445 | Gauntlet | Found a transporter.
 20445 | Gauntlet | Found a runed translucent gate.
 20446 | Gauntlet | Found a runed translucent gate.
 20448 | Gauntlet | Found a large runed translucent door.
 20449 | Gauntlet | Found a large runed translucent door.
 20455 | Gauntlet | Found a large runed translucent door.
 20456 | Gauntlet | Found a large runed translucent door.
 20456 | Gauntlet | Found a large runed translucent door.
 20458 | Gauntlet | Found a large runed translucent door.
 20458 | Gauntlet | Found a large runed translucent door.
 20458 | Gauntlet | Found a runed translucent door.
 20458 | Gauntlet | Found a runed translucent door.
 20459 | Gauntlet | Found a large runed translucent door.
 20460 | Gauntlet | Found a large runed translucent door.
 20462 | Gauntlet | Found a transporter.
 20466 | Gauntlet | Found a transporter.
 20467 | Gauntlet | Found a runed translucent door.
 20469 | Gauntlet | Found a large runed translucent door.
 20469 | Gauntlet | Found a large runed translucent door.
 20475 | Gauntlet | Found a transporter.
 20502 | Gauntlet | Found a large runed translucent door.
 20826 | Gauntlet | Identified the ring of Xowkade {^Contam rF+++ rN+++ Str+6
                  | Int-4}
 20926 | Gauntlet | Identified the -1 helmet "Cowkug" {Int+3 Dex+7}
 20979 | Gauntlet | Identified the +7 long sword "Amoteuc" {flame, rPois Str+3}
 21012 | Gauntlet | Identified the +5 shortbow of Domination {heavy, Will+
                  | Str+2}
 21241 | D:13     | Found a gate to the Vaults.
 21284 | D:13     | Reached skill level 1 in Shields
 21476 | D:13     | Reached skill level 2 in Shields
 21547 | D:13     | Reached skill level 3 in Shields
 21609 | D:13     | Reached skill level 4 in Shields
 21623 | D:13     | Reached skill level 5 in Shields
 21628 | D:13     | HP: 25/120 [centaur warrior/arrow[a boggart] (13)]
 21965 | D:13     | Identified the ring "Pexysm" {rPois MP+9 Str+6 Dex-5}
 22008 | D:13     | Reached skill level 6 in Shields
 22010 | D:13     | Identified the ring "Gedgheri" {rF+ AC+4}
 22035 | D:13     | Reached XP level 15. HP: 126/126 MP: 15/15
 22081 | D:13     | Reached skill level 7 in Shields
 22082 | D:13     | You add the spells Stone Arrow, Animate Armour and
                  | Lehudib's Crystal Spear to your library.
 22569 | Lair:3   | Reached skill level 8 in Shields
 22878 | Lair:3   | Reached skill level 15 in Shapeshifting
 23369 | Lair:4   | Reached skill level 9 in Shields
 23964 | Lair:4   | Reached skill level 10 in Shields
 23964 | Lair:4   | Reached skill level 16 in Shapeshifting
 24016 | Lair:4   | Found a runed translucent door.
 24016 | Lair:4   | Found a viscous altar of Jiyva.
 24018 | Lair:4   | Found a staircase to the Slime Pits.
 24018 | Lair:4   | Noticed an acid blob
 24291 | Lair:5   | Entered Level 5 of the Lair of Beasts
 24342 | Lair:5   | Found a bloodstained altar of Trog.
 24572 | Lair:5   | Reached skill level 1 in Invocations
 24651 | Lair:5   | Reached skill level 2 in Invocations
 24704 | Lair:5   | Reached skill level 5 in Unarmed Combat
 24722 | Lair:5   | Reached skill level 3 in Invocations
 24801 | Lair:4   | Reached XP level 16. HP: 133/133 MP: 18/18
 24834 | Lair:4   | Reached skill level 4 in Invocations
 24852 | Lair:5   | Reached skill level 6 in Unarmed Combat
 25036 | Lair:5   | Reached skill level 5 in Invocations
 25057 | Lair:5   | Reached skill level 7 in Unarmed Combat
 25590 | Lair:5   | Reached skill level 11 in Shields
 25590 | Lair:5   | Reached skill level 8 in Unarmed Combat
 25684 | Lair:5   | You add the spell Cause Fear to your library.
 25994 | Lair:5   | Acquired a manual of Fighting
 26586 | Shoals:1 | Entered Level 1 of the Shoals
 27266 | Shoals:1 | Found Ezxampyh's CLEARANCE SALE!.
 27296 | Shoals:1 | Bought a phantom mirror for 200 gold pieces
 27337 | Shoals:1 | Reached skill level 1 in Armour
 27441 | Shoals:1 | Noticed Donald
 27651 | Shoals:1 | Killed Donald
 27703 | Shoals:1 | Reached skill level 12 in Shields
 27943 | Shoals:2 | Found a runed translucent gate.
 27943 | Shoals:2 | Found a runed translucent gate.
 27943 | Shoals:2 | Found a runed translucent gate.
 28182 | Shoals:2 | Reached skill level 2 in Armour
 28189 | Shoals:2 | Reached skill level 15 in Fighting
 28518 | Shoals:2 | You add the spells Cigotuvi's Dreadful Rot and Freezing
                  | Cloud to your library.
 28634 | Shoals:2 | Noticed groovy9's ghost (journeyman DECj)
 29438 | Shoals:3 | Reached skill level 3 in Armour
 29611 | Shoals:3 | Reached XP level 17. HP: 143/143 MP: 20/20
 29949 | Shoals:3 | Reached skill level 16 in Fighting
 30098 | Shoals:3 | You add the spells Summon Lightning Spire and Lee's Rapid
                  | Deconstruction to your library.
 30245 | Shoals:3 | Found Loizubrihi's Jewellery Shoppe.
 30255 | Shoals:3 | Bought the amulet of the Four Winds {rN+ Will+++ Clar} for
                  | 728 gold pieces
 30255 | Shoals:3 | Found the amulet of the Four Winds {rN+ Will+++ Clar}
 30407 | Shoals:4 | Entered Level 4 of the Shoals
 30611 | Spider:1 | Entered Level 1 of the Spider Nest
 30650 | Spider:1 | Reached skill level 4 in Armour
 31201 | Spider:1 | Noticed Kirke
 31210 | Spider:1 | Killed Kirke
 31211 | Spider:1 | Reached skill level 19 in Dodging
 31418 | Spider:1 | Reached skill level 13 in Shields
 31487 | Spider:1 | Reached skill level 17 in Fighting
 31535 | Spider:1 | Reached skill level 16 in Long Blades
 31903 | Spider:1 | Reached skill level 5 in Armour
 32183 | Spider:2 | You add the spells Tukima's Dance, Dimensional Bullseye and
                  | Iskenderun's Mystic Blast to your library.
 32369 | Spider:2 | You add the spells Frozen Ramparts, Leda's Liquefaction,
                  | Petrify and Metabolic Englaciation to your library.
 32562 | Spider:3 | Noticed Roxanne
 32659 | Spider:3 | Noticed Mara
 33136 | Spider:3 | Killed Roxanne
 33264 | Spider:3 | Reached XP level 18. HP: 156/156 MP: 21/21
 33383 | Spider:3 | Noticed ketchum's illusion
 33413 | Spider:3 | Noticed ketchum's illusion
 33436 | Spider:3 | Killed Mara
 33437 | Spider:3 | Reached skill level 18 in Fighting
 33818 | Spider:3 | Reached skill level 20 in Dodging
 34008 | Spider:4 | Entered Level 4 of the Spider Nest
 34015 | Spider:4 | Reached skill level 17 in Long Blades
 34441 | Spider:4 | You add the spells Magic Dart, Searing Ray and Fulminant
                  | Prism to your library.
 34617 | Spider:4 | Reached skill level 14 in Stealth
 35200 | Spider:4 | Got a gossamer rune of Zot
 35682 | Spider:4 | Identified a potion of experience
 35683 | Spider:4 | Reached skill level 9 in Unarmed Combat
 35683 | Spider:4 | Reached XP level 19. HP: 165/165 MP: 22/22
 35994 | Elf:1    | Entered Level 1 of the Elven Halls
 36038 | Elf:1    | Found a runed translucent gate.
 36039 | Elf:1    | Found a runed translucent gate.
 36039 | Elf:1    | Found an opulent altar of Gozag.
 36205 | Elf:1    | Noticed Goqemeh's ghost (adept MiBe)
 36207 | Elf:1    | Found a runed translucent gate.
 36208 | Elf:1    | Found Voxyev's Assorted Antiques.
 36860 | Elf:1    | Reached skill level 10 in Unarmed Combat
 36896 | Elf:1    | Reached XP level 20. HP: 172/172 MP: 23/23
 37031 | Elf:1    | Found Nazechui's Weapon Boutique.
 37091 | Elf:1    | Found a radiant altar of Vehumet.
 37318 | Elf:1    | Found Teilear's Book Emporium.
 37318 | Elf:1    | Found Qaf Nufu's Jewellery Boutique.
 37319 | Elf:1    | Found Wixzeuth's Jewellery Boutique.
 37567 | Elf:2    | Paralysed by an air elemental for 1 turns
 37570 | Elf:2    | Reached skill level 15 in Stealth
 37574 | Elf:2    | Reached skill level 17 in Shapeshifting
 37578 | Elf:2    | Reached skill level 21 in Dodging
 37604 | Elf:2    | Reached skill level 11 in Unarmed Combat
 37741 | Elf:2    | Reached skill level 14 in Shields
 38070 | Elf:2    | Found a runed translucent gate.
 38071 | Elf:2    | Found a runed translucent gate.
 38071 | Elf:2    | Found a runed translucent gate.
 38839 | Elf:2    | HP: 40/172 [something (19)]
 39058 | Elf:2    | H - a +3 vampiric double sword {rare}
 39059 | Elf:2    | H - a +3 vampiric double sword (weapon) {rare}
 39060 | Elf:2    | Your damage rating with your +3 vampiric double sword
                  | {rare} is about 45 (Base 15 x 160% (Dex) x 177% (Skill) + 3
                  | (Ench)).
 39265 | Elf:3    | Entered Level 3 of the Elven Halls
 39277 | Elf:3    | Found a magical portal.
 39290 | WizLab   | Entered Wucad Mu's Monastery
 39625 | Elf:3    | You add the spells Sting, Necrotise and Summon Small Mammal
                  | to your library.
 40100 | Elf:3    | Found Penuibru's Weapon Shoppe.
 40311 | Elf:1    | Killed Goqemeh's ghost
 40381 | Elf:1    | Bought a glowing tower shield for 322 gold pieces
 40722 | Shoals:4 | Reached skill level 18 in Shapeshifting
 40882 | Shoals:4 | Reached skill level 22 in Dodging
 41143 | Shoals:4 | Reached skill level 15 in Shields
 41155 | Shoals:4 | Reached XP level 21. HP: 178/178 MP: 24/24
 41381 | Shoals:4 | Got a barnacled rune of Zot
 41522 | Shoals:4 | Identified the ring "Namnai" {rC+ Dex+6}
 41606 | Shoals:4 | Reached skill level 19 in Shapeshifting
 41860 | Shoals:4 | Reached skill level 19 in Fighting
 41915 | Shoals:4 | You add the spells Call Canine Familiar and Summon
                  | Blazeheart Golem to your library.
 41935 | Shoals:4 | Found the amulet of Elemental Vulnerability {rPois rF--
                  | rC-- AC+8}
 42698 | D:4      | Killed occam's ghost
 42707 | D:4      | Found a transporter.
 42906 | D:8      | Killed Taul's ghost
 43134 | D:13     | Gained mutation: You occasionally lose the ability to read
                  | scrolls when taking damage. [mutagenic glow]
 43179 | D:13     | Lost mutation: You occasionally lose the ability to read
                  | scrolls when taking damage. [potion of mutation]
 43179 | D:13     | Gained mutation: You are partially covered in iridescent
                  | scales. (AC +2) [potion of mutation]
 43179 | D:13     | Gained mutation: You have hidden genetic defects. [potion
                  | of mutation]
 43180 | D:13     | Lost mutation: You are partially covered in iridescent
                  | scales. (AC +2) [potion of mutation]
 43180 | D:13     | Lost mutation: You have hidden genetic defects. [potion of
                  | mutation]
 43180 | D:13     | Gained mutation: Your flesh is heat resistant. (rF+)
                  | [potion of mutation]
 43180 | D:13     | Gained mutation: You expend magic power (3 MP) to
                  | strengthen your wands. [potion of mutation]
 43279 | D:14     | Found a sparkling altar of Nemelex Xobeh.
 43856 | D:14     | Found the +10 zealot's sword {holy, Zealotry, *Rage rN+
                  | EV+3}
 44001 | D:14     | Found a candlelit altar of Ignis.
 44074 | D:14     | Identified the +6 war axe "Osedavel" {flame, *Slow rF++}
 44209 | D:15     | Entered Level 15 of the Dungeon
 44266 | D:15     | Found a staircase to the Depths.
 44443 | D:15     | Found a transporter.
 44494 | D:15     | Reached skill level 20 in Fighting
 44519 | D:15     | You add the spells Manifold Assault, Dispersal and
                  | Disjunction to your library.
 44715 | D:14     | Acquired 758 gold pieces
 44864 | D:15     | H - a +3 vampiric double sword {rare}
 44864 | D:15     | a - a +3 vampiric double sword {rare}
 44866 | D:15     | a - a +3 vampiric double sword (weapon) {rare}
 45135 | Vaults:1 | Entered Level 1 of the Vaults
 45159 | Vaults:1 | Found a crumbling gateway.
 45179 | Desolati | Entered the Desolation of Salt
 45509 | Desolati | Reached skill level 20 in Shapeshifting
 45732 | Desolati | Reached skill level 16 in Stealth
 45780 | Desolati | Identified the ring of Plog {rPois rCorr Dex+3}
 45789 | Desolati | You add the spells Momentum Strike, Static Discharge and
                  | Eringya's Noxious Bog to your library.
 45789 | Desolati | Got the Papyrus of Conjured Toxicants
 45793 | Desolati | Identified the ring of Ecvat Saec {EV+5 Str+4 Dex+3}
 45795 | Desolati | Identified the amulet "Pymao" {RegenMP rF- rC+ Will+ Int+4}
 45796 | Desolati | Identified the +11 flail "Azye" {spect, rPois rF+ SInv}
 45911 | Desolati | Reached XP level 22. HP: 192/192 MP: 25/25
 45912 | Desolati | Reached skill level 6 in Armour
 45996 | Desolati | Found the +2 hat of the Bear Spirit {Spirit, Bear, *Rage
                  | Will++}
 46084 | Desolati | Identified the amulet "Loeckim" {RegenMP *Slow Int+9
                  | Slay+2}
 46115 | Desolati | Identified the ring of Fotep {^Contam rC+++ rCorr Dex+4}
 46148 | Desolati | Identified the +8 storm dragon scales "Cocac" {Harm rElec
                  | MP+9 SInv Stlth-}
 46154 | Desolati | S - the +8 storm dragon scales "Cocac" {Harm rElec MP+9
                  | SInv Stlth-, rare}
 46311 | Desolati | Identified the +1 whip of Ecseer {freeze, ^Contam rPois rF+
                  | Dex+3}
 46312 | Desolati | Identified the +2 robe "Exinew" {Stlth+}
 46314 | Desolati | You add the spells Ozocubu's Refrigeration and Borgnjor's
                  | Revivification to your library.
 46314 | Desolati | Got the Information on Firn and Diablerie
 46318 | Desolati | Identified the +5 battleaxe of Painful Death {venom, Int+2}
 46324 | Desolati | Got the Annotations on Mutated Maleficia
 46431 | Desolati | Reached skill level 18 in Long Blades
 46499 | Vaults:1 | a - a +3 vampiric double sword (weapon) {rare}
 46500 | Vaults:1 | Your damage rating with your +3 vampiric double sword
                  | {rare} is about 41 (Base 15 x 140% (Dex) x 182% (Skill) + 3
                  | (Ench)).
 46539 | Vaults:1 | You drop the +8 storm dragon scales "Cocac" {Harm rElec
                  | MP+9 SInv Stlth-, rare}.
 46575 | Vaults:1 | a - a +3 vampiric double sword (weapon) {rare}
 47210 | Vaults:1 | Reached skill level 19 in Long Blades
 47263 | Vaults:1 | You add the spells Summon Ice Beast, Summon Mana Viper and
                  | Monstrous Menagerie to your library.
 47485 | Vaults:1 | Reached skill level 17 in Stealth
 47863 | Vaults:2 | Reached skill level 21 in Shapeshifting
 47877 | Vaults:2 | Reached skill level 1 in Evocations
 47986 | Vaults:2 | You fall into a shaft and drop 2 floors!
 48042 | Vaults:3 | Reached skill level 2 in Evocations
 48083 | Vaults:3 | Reached skill level 20 in Long Blades
 48263 | Vaults:3 | Noticed Jory
 48279 | Vaults:3 | Killed Jory
 48437 | Vaults:2 | a - a +3 vampiric double sword (weapon) {rare}
 48456 | Vaults:2 | a - a +3 vampiric double sword (weapon) {rare}
 48477 | Vaults:2 | Reached skill level 3 in Evocations
 48540 | Vaults:2 | a - a +3 vampiric double sword (weapon) {rare}
 48744 | Vaults:2 | Reached skill level 4 in Evocations
 49295 | Vaults:2 | a - a +3 vampiric double sword (weapon) {rare}
 49338 | Vaults:2 | You add the spells Orb of Destruction and Spellforged
                  | Servitor to your library.
 49436 | Vaults:2 | Reached skill level 21 in Long Blades
 49445 | Vaults:2 | Found a gateway to a bazaar.
 49481 | Vaults:2 | Reached XP level 23. HP: 198/198 MP: 26/26
 49920 | Vaults:3 | Reached skill level 22 in Shapeshifting
 50136 | Vaults:3 | a - a +3 vampiric double sword (weapon) {rare}
 50357 | Vaults:3 | Found Oblohux's Weapon Shop.
 50746 | Vaults:3 | Reached skill level 22 in Long Blades
 50804 | Vaults:3 | Found a staircase to the Crypt.
 50804 | Vaults:3 | Found a basalt altar of Yredelemnul.
 50806 | Vaults:3 | Found an ancient bone altar of Kikubaaqudgha.
 50864 | Vaults:3 | Noticed Boris
 50873 | Vaults:3 | Killed Boris
 50920 | Vaults:3 | a - a +3 vampiric double sword (weapon) {rare}
 51578 | Vaults:4 | Reached skill level 23 in Shapeshifting
 51771 | Vaults:4 | Found Deucen's Armour Emporium.
 51794 | Vaults:4 | Found Usuwaos's Book Shop.
 51799 | Vaults:4 | Found Remap's Jewellery Shoppe.
 51839 | Vaults:4 | Found a transporter.
 51840 | Vaults:4 | a - a +3 vampiric double sword (weapon) {rare}
 51909 | Vaults:4 | Found a transporter.
 51971 | Vaults:4 | Reached skill level 23 in Long Blades
 52027 | Vaults:4 | Found Ruprumee's Magic Scroll Emporium.
 52238 | Vaults:4 | Identified the +5 ring mail of Anarchy {rN++ Dex+3}
 52560 | Vaults:4 | Identified the +1 cloak "Veshiynk" {Int+3}
 52583 | Vaults:4 | Identified the ring of Winter {Int+3 Dex+6}
 52769 | D:12     | a - a +3 vampiric double sword (weapon) {rare}
 52772 | D:12     | your +3 vampiric double sword {rare} glows red for a
                  | moment.
 52773 | D:12     | your +4 vampiric double sword {rare} glows red for a
                  | moment.
 52774 | D:12     | your +5 vampiric double sword {rare} glows red for a
                  | moment.
 52775 | D:12     | your +6 vampiric double sword {rare} glows red for a
                  | moment.
 52776 | D:12     | your +7 vampiric double sword {rare} glows red for a
                  | moment.
 52777 | D:12     | Your damage rating with your +8 vampiric double sword
                  | {rare} is about 54 (Base 15 x 157% (Dex) x 197% (Skill) + 8
                  | (Ench)).
 53190 | Elf:3    | a - a +8 vampiric double sword (weapon) {rare}
 53194 | Elf:3    | Identified the ring of Leizamm {^Contam rC+++ MP+9 Int+2}
 53202 | Elf:3    | Identified the +6 battleaxe "Rukkeka" {elec, Str+4}
 53248 | Elf:3    | Found the +8 storm bow {elec, penet}
 53249 | Elf:3    | Reached XP level 24. HP: 149/206 MP: 26/26
 53307 | Elf:3    | a - a +8 vampiric double sword (weapon) {rare}
 53318 | Elf:3    | Identified the staff of the Shore {^Fragile Fly rPois rN+
                  | Alchemy}
 53457 | Elf:3    | Reached skill level 21 in Fighting
 53497 | Elf:3    | Identified the +4 shortbow of the Shouting Salmon {heavy,
                  | rPois Int+4}
 53521 | Elf:3    | You add the spell Death's Door to your library.
 53566 | Elf:3    | a - a +8 vampiric double sword (weapon) {rare}
 53823 | Elf:3    | You add the spells Scorch and Gell's Gravitas to your
                  | library.
 53823 | Elf:3    | Got Ogon Ejo's Encyclopedia of the Blinking Bonfire
 53855 | Elf:3    | You add the spells Lesser Beckoning and Volatile Blastmotes
                  | to your library.
 53855 | Elf:3    | Got the Folio of Portals
 53947 | Elf:3    | your +8 vampiric double sword {rare} glows red for a while.
 54301 | Bazaar   | Entered a bazaar
 54326 | Bazaar   | Found Kiunnut's Armour Shoppe.
 54352 | Bazaar   | Found Gorit's Book Boutique.
 54383 | Bazaar   | Found Miot's Antique Weapon Shoppe.
 54397 | Bazaar   | Found Jafamnea's Antique Armour Shoppe.
 54406 | Bazaar   | Bought a slimy leather armour for 77 gold pieces
 54406 | Bazaar   | Identified the +0 leather armour "Bufof" {Harm} (You bought
                  | it in a shop in a bazaar)
 54406 | Bazaar   | Bought a pair of embroidered boots for 82 gold pieces
 54448 | Bazaar   | Bought a manual of Ranged Weapons for 560 gold pieces
 54451 | Bazaar   | Learned a level 1 spell: Apportation
 54455 | Bazaar   | Learned a level 3 spell: Tukima's Dance
 54463 | Bazaar   | Learned a level 7 spell: Enfeeble
 54611 | Depths:1 | Entered Level 1 of the Depths
 54681 | Depths:1 | Found a one-way gate leading to the halls of Pandemonium.
 55094 | Depths:1 | Found a gateway to Hell.
 55209 | Depths:1 | Found a corrupted altar of Lugonu.
 55796 | Depths:2 | Reached skill level 7 in Armour
 55816 | Depths:2 | Reached skill level 24 in Shapeshifting
 56213 | Depths:2 | a - a +9 vampiric double sword (weapon) {rare}
 56419 | Depths:2 | a - a +9 vampiric double sword (weapon) {rare}
 56429 | Depths:2 | Noticed Boris
 56439 | Depths:2 | Killed Boris
 56525 | Depths:2 | a - a +9 vampiric double sword (weapon) {rare}
 56563 | Depths:2 | Found an ancient bone altar of Kikubaaqudgha.
 56740 | Depths:2 | Reached skill level 22 in Fighting
 56846 | Depths:2 | Reached skill level 8 in Armour
 57131 | Depths:2 | Identified the +8 ring mail of Impermeability {rPois rC+
                  | rCorr}
 57220 | Depths:2 | a - a +9 vampiric double sword (weapon) {rare}
 57816 | Depths:3 | a - a +9 vampiric double sword (weapon) {rare}
 57932 | Depths:3 | Your damage rating with your +9 vampiric double sword
                  | {rare} is about 56 (Base 15 x 157% (Dex) x 202% (Skill) + 9
                  | (Ench)).
 58149 | Depths:3 | Reached XP level 25. HP: 215/217 MP: 26/26
 58155 | Depths:3 | a - a +9 vampiric double sword (weapon) {rare}
 58183 | Depths:3 | a - a +9 vampiric double sword (weapon) {rare}
 58185 | Depths:3 | Identified +0 gold dragon scales
 58194 | Depths:3 | Found the +8 mithril axe "Arga" {speed, Will+}
 58254 | Depths:3 | a - a +9 vampiric double sword (weapon) {rare}
 58273 | Depths:3 | Identified +0 gold dragon scales
 58274 | Depths:3 | Reached skill level 23 in Dodging
 58283 | Depths:3 | a - a +9 vampiric double sword (weapon) {rare}
 58293 | Depths:3 | Reached skill level 16 in Shields
 58351 | Depths:3 | Identified the staff of Painful Death {rC+ Will+ rCorr Ice}
 58535 | Depths:3 | Found a shimmering altar of Xom.
 58564 | Depths:3 | a - a +9 vampiric double sword (weapon) {rare}
 58841 | Depths:4 | Entered Level 4 of the Depths
 58857 | Depths:4 | a - a +9 vampiric double sword (weapon) {rare}
 58904 | Depths:4 | a - a +9 vampiric double sword (weapon) {rare}
 58935 | Depths:4 | a - a +9 vampiric double sword (weapon) {rare}
 59323 | Elf:1    | Bought a manual of Hexes for 1280 gold pieces
 59756 | Depths:4 | Noticed a caustic shrike
 59758 | Depths:4 | Noticed a caustic shrike
 59786 | Depths:4 | Reached skill level 1 in Hexes
 59823 | Depths:4 | Noticed a caustic shrike
 59840 | Depths:4 | Killed a caustic shrike
 59841 | Depths:4 | Reached skill level 1 in Spellcasting
 59841 | Depths:4 | Reached skill level 2 in Hexes
 59867 | Depths:4 | Killed a caustic shrike
 59868 | Depths:4 | Reached skill level 3 in Hexes
 59878 | Depths:4 | Killed a caustic shrike
 59879 | Depths:4 | Reached skill level 4 in Hexes
 59895 | Depths:4 | Reached skill level 2 in Spellcasting
 59905 | Depths:4 | Reached skill level 5 in Hexes
 60045 | Depths:4 | Found a one-way gateway to a ziggurat.
 60095 | Depths:4 | a - a +9 vampiric double sword (weapon) {rare}
 60102 | Depths:4 | Reached skill level 6 in Hexes
 60195 | Depths:4 | a - a +9 vampiric double sword (weapon) {rare}
 60199 | Depths:4 | Reached skill level 3 in Spellcasting
 60199 | Depths:4 | Reached skill level 7 in Hexes
 60392 | Depths:4 | Noticed Boris
 60397 | Depths:4 | Killed Boris
 60407 | Depths:4 | a - a +9 vampiric double sword (weapon) {rare}
 60431 | Depths:4 | Reached skill level 8 in Hexes
 60580 | Depths:4 | Found a gate to the Realm of Zot.
 60817 | Depths:4 | Identified the orb of the Fiddle {*channel, Conj}
 60817 | Depths:4 | Noticed Frederick
 60831 | Depths:4 | Killed Frederick
 61125 | Depths:4 | Noticed a juggernaut
 61139 | Depths:4 | Killed a juggernaut
 61259 | Depths:4 | Your damage rating with your +9 vampiric double sword
                  | {rare} is about 56 (Base 15 x 157% (Dex) x 202% (Skill) + 9
                  | (Ench)).
 61876 | Shoals:2 | Killed groovy9's ghost
 61997 | Lair:1   | a - a +9 vampiric double sword (weapon) {rare}
 62257 | Depths:2 | Your damage rating with your +9 vampiric double sword
                  | {rare} is about 56 (Base 15 x 157% (Dex) x 202% (Skill) + 9
                  | (Ench)).
 62261 | Depths:2 | Your damage rating with your +9 vampiric double sword
                  | {rare} is about 56 (Base 15 x 157% (Dex) x 202% (Skill) + 9
                  | (Ench)).
 62442 | Vaults:4 | Bought a scroll of fog for 80 gold pieces
 62442 | Vaults:4 | Bought a scroll of fear for 80 gold pieces
 62442 | Vaults:4 | Bought a scroll of teleportation for 60 gold pieces
 62442 | Vaults:4 | Bought a scroll of revelation for 150 gold pieces
 62542 | Vaults:5 | Entered Level 5 of the Vaults
 62582 | Vaults:3 | a - a +9 vampiric double sword (weapon) {rare}
 63404 | Vaults:5 | Reached skill level 24 in Dodging
 63415 | Vaults:5 | Reached skill level 25 in Shapeshifting
 63456 | Vaults:5 | Reached XP level 26. HP: 212/225 MP: 28/28
 63512 | Vaults:5 | Reached skill level 17 in Shields
 64005 | Vaults:5 | a - a +9 vampiric double sword (weapon) {rare}
 64026 | Vaults:5 | a - a +9 vampiric double sword (weapon) {rare}
 64029 | Vaults:5 | Identified the amulet of Mirth {Acrobat rF+ Slay+6}
 64084 | Vaults:5 | You add the spells Sandblast, Passwall and Brom's
                  | Barrelling Boulder to your library.
 64086 | Vaults:5 | Identified the +1 mace of Embarrassment {elec, rElec SInv}
 64192 | Vaults:5 | Identified the +0 plate armour of Vutu {Int+3}
 64225 | Vaults:5 | Reached skill level 18 in Shields
 64231 | Vaults:5 | Reached skill level 24 in Long Blades
 64339 | Vaults:5 | Noticed an ancient lich
 64387 | Vaults:5 | a - a +9 vampiric double sword (weapon) {rare}
 64481 | Vaults:5 | a - a +9 vampiric double sword (weapon) {rare}
 64487 | Vaults:5 | Identified the +4 scale mail of Farfalle {rC+ Str+6}
 64491 | Vaults:5 | Identified the ring of Moodiness {AC+4 Dex+2 SInv}
 64628 | Vaults:5 | a - a +9 vampiric double sword (weapon) {rare}
 64654 | Vaults:5 | Identified the +7 broad axe of Exquisite Torment {heavy,
                  | ^Fragile rN++ rCorr Str+2}
 64674 | Vaults:5 | Killed an ancient lich
 64677 | Vaults:5 | a - a +9 vampiric double sword (weapon) {rare}
 64940 | Vaults:5 | Got a silver rune of Zot
 64993 | Vaults:5 | Identified the +9 hand axe "Nuuzxedu" {speed, rElec SInv}
 64993 | Vaults:5 | Identified the ring of Divine Compulsion {Fly rCorr Int+4
                  | SInv}
 65114 | Vaults:5 | +0 shadow dragon scales {rare}; a shadow dragon corpse
 65200 | Vaults:5 | You add the spells Sculpt Simulacrum and Polar Vortex to
                  | your library.
 65256 | Vaults:5 | +0 shadow dragon scales {rare}; a shadow dragon corpse
 65277 | Vaults:5 | Identified the death talisman of Geesoz Lec {rF+}
 65305 | Vaults:5 | You add the spells Summon Forest and Summon Cactus Giant to
                  | your library.
 65399 | Vaults:5 | Identified the +5 dagger of Isueh {heavy, *Noise Str+4
                  | SInv}
 65608 | Vaults:5 | You add the spell Maxwell's Capacitive Coupling to your
                  | library.
 65608 | Vaults:5 | Got Kooptet's Enchiridion on the Cooperative Squall
 66055 | Zot:1    | Entered Level 1 of the Realm of Zot
 66603 | Zot:1    | Identified +6 gold dragon scales
 66603 | Zot:1    | Noticed Parghit
 66661 | Zot:1    | Killed Parghit
 66666 | Zot:1    | a +0 war axe; 3 large rocks {=f}; +6 gold dragon scales
                  | {rare}
 66768 | Zot:1    | Your damage rating with your +9 vampiric double sword
                  | {rare} is about 57 (Base 15 x 157% (Dex) x 205% (Skill) + 9
                  | (Ench)).
 66790 | Zot:1    | a +0 war axe; 3 large rocks {=f}; +6 gold dragon scales
                  | {rare}
 67067 | Zot:1    | a - a +9 vampiric double sword (weapon) {rare}
 67576 | Zot:2    | Reached skill level 23 in Fighting
 67585 | Zot:2    | +0 shadow dragon scales {rare}; a shadow dragon corpse
 67811 | Zot:2    | Found Teqi's Changing Room.
 67829 | Zot:2    | Bought a potion of mutation for 80 gold pieces
 67829 | Zot:2    | Bought 2 potions of mutation for 160 gold pieces
 67829 | Zot:2    | Bought a potion of mutation for 80 gold pieces
 67899 | Zot:2    | Found a runed translucent gate.
 67899 | Zot:2    | Noticed Mikey69's ghost (legendary DsBe)
 67900 | Zot:2    | Found a runed translucent gate.
 67901 | Zot:2    | Found a runed translucent gate.
 67903 | Zot:2    | Noticed Juzit's ghost (legendary GnFi)
 68010 | Zot:2    | Noticed a curse toe
 68115 | Zot:2    | a - a +9 vampiric double sword (weapon) {rare}
 68116 | Zot:2    | Your damage rating with your +9 vampiric double sword
                  | {rare} is about 57 (Base 15 x 157% (Dex) x 206% (Skill) + 9
                  | (Ench)).
 68131 | Zot:2    | Killed a curse toe
 68638 | Zot:3    | Noticed a Killer Klown
 68645 | Zot:2    | a - a +9 vampiric double sword (weapon) {rare}
 68660 | Zot:2    | Killed a Killer Klown
 68681 | Zot:2    | a - a +9 vampiric double sword (weapon) {rare}
 68702 | Zot:2    | Reached XP level 27. HP: 235/235 MP: 28/28
 68766 | Zot:3    | Noticed a curse toe
 68769 | Zot:2    | Your damage rating with your +9 vampiric double sword
                  | {rare} is about 59 (Base 15 x 162% (Dex) x 206% (Skill) + 9
                  | (Ench)).
 68802 | Zot:2    | Reached skill level 19 in Shields
 68920 | Zot:2    | a - a +9 vampiric double sword (weapon) {rare}
 68928 | Zot:2    | a - a +9 vampiric double sword (weapon) {rare}
 69439 | Zot:2    | Your damage rating with your +9 vampiric double sword
                  | {rare} is about 57 (Base 15 x 155% (Dex) x 208% (Skill) + 9
                  | (Ench)).
 69547 | Zot:3    | a - a +9 vampiric double sword (weapon) {rare}
 69571 | Zot:2    | +0 storm dragon scales {rare}; a +1 cloak; a +2 rapier of
                  | electrocution
 69572 | Zot:2    | a - a +9 vampiric double sword (weapon) {rare}
 69688 | Zot:3    | a - a +9 vampiric double sword (weapon) {rare}
 69725 | Zot:3    | quicksilver dragon scales {rare}; a quicksilver dragon
                  | corpse
 69727 | Zot:3    | quicksilver dragon scales {rare}; a quicksilver dragon
                  | corpse
 69729 | Zot:3    | quicksilver dragon scales {rare}; a quicksilver dragon
                  | corpse
 69937 | Zot:3    | Killed a curse toe
 69941 | Zot:3    | quicksilver dragon scales {rare}; a quicksilver dragon
                  | skeleton
 69941 | Zot:3    | Your damage rating with your +9 vampiric double sword
                  | {rare} is about 58 (Base 15 x 157% (Dex) x 208% (Skill) + 9
                  | (Ench)).
 70048 | Zot:3    | Noticed an electric golem
 70058 | Zot:3    | Killed an electric golem
 70078 | Zot:3    | You add the spell Mercury Vapours to your library.
 70491 | Zot:4    | Noticed Grunn
 70615 | Zot:4    | Killed Grunn
 70629 | Zot:4    | a - a +9 vampiric double sword (weapon) {rare}
 70662 | Zot:4    | Reached skill level 18 in Stealth
 71231 | Zot:5    | Entered Level 5 of the Realm of Zot
 72055 | Zot:5    | quicksilver dragon scales {rare}; a quicksilver dragon
                  | corpse
 72361 | Zot:5    | Reached skill level 24 in Fighting
 72728 | Zot:5    | Noticed a curse toe
 72842 | Zot:5    | Reached skill level 20 in Shields
 72935 | Zot:5    | Noticed an orb of fire
 72953 | Zot:5    | Noticed a dread lich
 73153 | Zot:5    | Noticed an orb of fire
 73171 | Zot:5    | Killed an orb of fire
 73198 | Zot:5    | Killed an orb of fire
 73199 | Zot:5    | Reached skill level 19 in Stealth
 73202 | Zot:5    | Noticed a dread lich
 73208 | Zot:5    | Noticed an orb of fire
 73212 | Zot:5    | Noticed a dread lich
 73227 | Zot:4    | Killed an orb of fire
 73378 | Zot:5    | Killed a dread lich
 73396 | Zot:5    | a - a +9 vampiric double sword (weapon) {rare}
 73414 | Zot:5    | a - a +9 vampiric double sword (weapon) {rare}
 73471 | Zot:5    | Noticed an ancient lich
 73681 | Zot:5    | Killed an ancient lich
 73727 | Zot:5    | Killed a dread lich
 73846 | Zot:5    | Noticed an orb of fire
 73880 | Zot:5    | Killed an orb of fire
 73971 | Zot:5    | Noticed a dread lich
 73999 | Zot:5    | Killed a dread lich
 74481 | Zot:5    | Killed a dread lich
 74482 | Zot:5    | Reached skill level 20 in Stealth
 74592 | Zot:5    | Noticed an electric golem
 74608 | Zot:5    | Killed an electric golem
 74686 | Zot:5    | Noticed a dread lich
 74698 | Zot:5    | Killed a dread lich
 74699 | Zot:5    | Reached skill level 25 in Fighting
 74699 | Zot:5    | Reached skill level 25 in Long Blades
 74871 | Zot:5    | Killed a curse toe
 75474 | Zot:5    | Noticed an orb of fire
 75543 | Zot:5    | Killed an orb of fire
 75775 | Zot:5    | Noticed a dread lich
 75779 | Zot:5    | Noticed a dread lich
 75787 | Zot:5    | Noticed an electric golem
 75793 | Zot:5    | Killed a dread lich
 75806 | Zot:5    | Killed a dread lich
 75807 | Zot:5    | Noticed a curse toe
 75825 | Zot:5    | quicksilver dragon scales {rare}; a moth of wrath corpse; a
                  | quicksilver dragon corpse
 75833 | Zot:5    | Reached skill level 26 in Shapeshifting
 75841 | Zot:5    | Killed a curse toe
 75846 | Zot:5    | Killed an electric golem
 75848 | Zot:5    | +0 shadow dragon scales {rare}; a shadow dragon corpse
 76242 | Zot:5    | +0 shadow dragon scales {rare}; a shadow dragon skeleton
 76243 | Zot:5    | quicksilver dragon scales {rare}; a quicksilver dragon
                  | skeleton
 76252 | Zot:5    | quicksilver dragon scales {rare}; a quicksilver dragon
                  | skeleton
 76253 | Zot:5    | +0 shadow dragon scales {rare}; a shadow dragon skeleton
 76333 | Zot:5    | Identified the +3 shortbow of the Wary Mouths {antimagic,
                  | ^Contam rElec Str-2 Int+8}
 76792 | Slime:1  | Entered Level 1 of the Pits of Slime
 79117 | Slime:5  | Entered Level 5 of the Pits of Slime
 79459 | Slime:5  | Reached skill level 26 in Long Blades
 79560 | Slime:5  | Noticed the Royal Jelly
 79567 | Slime:5  | Found a viscous altar of Jiyva.
 79622 | Slime:5  | Killed the Royal Jelly
 79623 | Slime:5  | Reached skill level 26 in Fighting
 79645 | Slime:5  | Identified the +1 scimitar of Inference {holy, Dex+3}
 79651 | Slime:5  | Got a slimy rune of Zot
 79652 | Slime:5  | Identified the dragon-blood talisman "Sedo Xog" {rN+
                  | Stlth+}
 79724 | Slime:5  | Identified the ring of Lyho {EV+5 Slay+2}
 79753 | Slime:5  | You add the spells Dispel Undead, Martyr's Knell and Death
                  | Channel to your library.
 79789 | Slime:5  | Identified the ring "Mucoveurph" {^Drain rCorr Str+8}
 79807 | Slime:5  | You add the spell Ozocubu's Armour to your library.
 79817 | Slime:5  | Identified the +1 scale mail of Grottiness {rElec rC+}
 79820 | Slime:5  | Identified the ring of a Million Suns {rCorr Str+3}
 80276 | Vaults:3 | Lost mutation: Your flesh is heat resistant. (rF+) [potion
                  | of mutation]
 80276 | Vaults:3 | Lost mutation: You expend magic power (3 MP) to strengthen
                  | your wands. [potion of mutation]
 80276 | Vaults:3 | Gained mutation: You sometimes lose your temper in combat.
                  | [potion of mutation]
 80276 | Vaults:3 | Gained mutation: Your system is resistant to poisons.
                  | (rPois) [potion of mutation]
 80277 | Vaults:3 | Lost mutation: Your system is resistant to poisons. (rPois)
                  | [potion of mutation]
 80277 | Vaults:3 | Lost mutation: You sometimes lose your temper in combat.
                  | [potion of mutation]
 80277 | Vaults:3 | Gained mutation: You have an increased reservoir of magic.
                  | (+10% MP) [potion of mutation]
 80277 | Vaults:3 | Gained mutation: You possess an exceptional clarity of
                  | mind. [potion of mutation]
 80280 | Crypt:1  | Entered Level 1 of the Crypt
 80301 | Crypt:1  | Noticed an ancient lich
 80317 | Crypt:1  | Killed an ancient lich
 80609 | Crypt:1  | Reached skill level 27 in Shapeshifting
 80648 | Crypt:1  | Found a basalt altar of Yredelemnul.
 80834 | Crypt:1  | Reached skill level 5 in Evocations
 81667 | Crypt:2  | Reached skill level 27 in Long Blades
 81800 | Crypt:2  | You add the spell Swiftness to your library.
 81803 | Crypt:2  | Noticed a royal mummy
 82119 | Crypt:2  | Killed a royal mummy
 82134 | Crypt:2  | Identified the +7 trident "Jusate" {flame, +Blink rC+
                  | Dex+3}
 82232 | Crypt:2  | Identified the +9 glaive of Makhleb's Pride {heavy, rF+
                  | rC+}
 82270 | Crypt:2  | You add the spells Kiss of Death and Confusing Touch to
                  | your library.
 82455 | Crypt:3  | Entered Level 3 of the Crypt
 83188 | Crypt:3  | Reached skill level 25 in Dodging
 83217 | Crypt:3  | Found a staircase to the Tomb.
 83369 | Crypt:3  | Found an ancient bone altar of Kikubaaqudgha.
 84063 | Crypt:3  | Noticed an ancient lich
 84075 | Crypt:3  | Noticed a dread lich
 84078 | Crypt:3  | Killed an ancient lich
 84091 | Crypt:3  | Killed a dread lich
 84092 | Crypt:3  | Reached skill level 27 in Fighting
 84106 | Crypt:3  | Got the Quarto of Soot and Synthesis
 84199 | Crypt:3  | Identified the ring "Zoon" {rN+ Will+ SInv}
 84367 | Crypt:3  | Noticed a curse skull
 84372 | Crypt:3  | Killed a curse skull
 84375 | Crypt:3  | Noticed a curse skull
 84445 | Crypt:3  | Killed a curse skull
 84509 | Crypt:3  | You add the spell Passage of Golubria to your library.
 84971 | Zot:2    | Killed Mikey69's ghost
 85016 | Zot:2    | Killed Juzit's ghost
 85154 | Hell     | Entered the Vestibule of Hell
 85154 | Hell     | Noticed Geryon
 85243 | Depths:4 | Reached skill level 26 in Dodging
 85506 | Hell     | Reached skill level 21 in Shields
 85853 | Depths:4 | Reached skill level 27 in Dodging
 86074 | Hell     | Killed Geryon
 86166 | Hell     | Found a gateway to the freezing wastes of Cocytus.
 86193 | Hell     | Found a gateway to the decaying netherworld of Tartarus.
 86301 | Hell     | Found a gateway to the Iron City of Dis.
 86442 | Hell     | Found a gateway to the ashen valley of Gehenna.
 86680 | Pan      | Entered Pandemonium
 86764 | Pan      | a - a +9 vampiric double sword (weapon) {rare}
 86840 | Pan      | Noticed a pearl dragon
 86922 | Pan      | Killed a pearl dragon
 87180 | Pan      | Reached skill level 22 in Shields
 87324 | Pan      | Found a white marble altar of Elyvilon.
 87920 | Pan      | Your damage rating with your +9 vampiric double sword
                  | {rare} is about 63 (Base 15 x 162% (Dex) x 223% (Skill) + 9
                  | (Ench)).
 88113 | Pan      | Reached skill level 21 in Stealth
 88763 | Pan      | Identified the amulet "Acruatziod" {Faith ^Fragile Dex+5}
 89008 | Pan      | Identified the +1 plate armour "Fawa" {*Slow Str+2 Dex+4}
 89008 | Pan      | Identified the ring of Mistrust {rC+ rN+}
 89008 | Pan      | Noticed a seraph
 89252 | Pan      | Reached skill level 22 in Stealth
 89738 | Pan      | Killed a seraph
 89910 | Pan      | Identified the +0 scale mail of Xom's Felicitations {rElec
                  | rF- rN+++}
 89970 | Pan      | Found a glowing golden altar of the Shining One.
 90003 | Pan      | Identified the +3 orcbow of the Priest {drain, rF+}
 90011 | Pan      | You add the spell Hailstorm to your library.
 90013 | Pan      | Got a demonic rune of Zot
 90015 | Pan      | You add the spells Blink and Call Imp to your library.
 90016 | Pan      | Identified the staff "Tihoes" {rF+ Int+6 Fire}
 90252 | Pan      | Glimpsed the power of Zot.
 90256 | Pan      | Identified the +0 buckler "Ynaasm" {rPois Int+4 Slay-3}
 90288 | Depths:2 | You pass through the gate.
 90288 | Depths:2 | Escaped Pandemonium
 90365 | Depths:2 | a - a +9 vampiric double sword (weapon) {rare}
 91487 | Vaults:4 | Bought the necklace of Bloodlust {Fury *Rage Will++ Int-3
                  | Slay+6} for 860 gold pieces
 91487 | Vaults:4 | Found the necklace of Bloodlust {Fury *Rage Will++ Int-3
                  | Slay+6, unrand}
 91875 | Zot:4    | Lost mutation: You have an increased reservoir of magic.
                  | (+10% MP) [potion of mutation]
 91875 | Zot:4    | Lost mutation: You possess an exceptional clarity of mind.
                  | [potion of mutation]
 91875 | Zot:4    | Gained mutation: Your flesh is cold resistant. (rC+)
                  | [potion of mutation]
 91875 | Zot:4    | Gained mutation: You occasionally lose the ability to drink
                  | potions when taking damage. [potion of mutation]
 91875 | Zot:4    | Gained mutation: Your muscles are strong. (Str +4, Int/Dex
                  | -1) [potion of mutation]
 91875 | Zot:4    | Gained mutation: Your flesh is very cold resistant. (rC++)
                  | [potion of mutation]
 91943 | Zot:5    | Got the Orb of Zot
 92100 | Depths:3 | Noticed Boris
 92414 | D:5      | Noticed Ditsanai the pandemonium lord
 92524 | D:$      | Escaped with the Orb!

Vanquished Creatures
  the Royal Jelly (Slime:5)
  A seraph (Pan)
  Frederick (Depths:4)
  The ghost of Mikey69 the Conqueror, a legendary DsBe of Trog (Zot:2)
  8 dread liches
  5 orbs of fire
  Mara (Spider:3)
  4 ancient liches
  A juggernaut (Depths:4)
  Boris (thrice) (Vaults:3 Depths:2 Depths:4)
  A royal mummy (Crypt:2)
  The ghost of Juzit the Bludgeoner, a legendary GnFi of Cheibriados (Zot:2)
  Parghit (Zot:1)
  4 Killer Klowns
  3 caustic shrikes (Depths:4)
  4 curse toes
  Geryon (Hell)
  Jory (Vaults:3)
  7 golden dragons
  A pearl dragon (Pan)
  2 Tzitzimimeh
  2 doom hounds (Zot:4)
  3 electric golems
  A shard shrike zombie (Crypt:3)
  10 tentacled monstrosities
  Grunn (Zot:4)
  2 deep elf master archers (Elf:3)
  4 liches
  5 quicksilver dragons
  27 Orb Guardians
  7 titans (Vaults:5)
  19 acid blobs
  2 deep elf blademasters (Elf:3)
  7 death cobs
  2 ancient champions
  8 shadow dragons
  An Executioner (Depths:2)
  The ghost of Goqemeh the Executioner, an adept MiBe of Trog (Elf:1)
  12 storm dragons
  Kirke (Spider:1)
  Donald (Shoals:1)
  Roxanne (Spider:3)
  2 tengu reavers
  6 fire giants
  6 azure jellies
  8 emperor scorpions
  16 daevas (Pan)
  2 protean progenitors
  5 draconian monks
  3 draconian shifters
  7 rockslimes
  2 spectral caustic shrikes (Depths:4)
  5 deep elf sorcerers
  7 draconian knights
  21 vault wardens
  4 frost giants
  3 draconian scorchers
  A balrug (Hell)
  9 ghost moths
  4 imperial myrmidons (Desolation)
  2 caustic shrike zombies
  2 curse skulls (Crypt:3)
  4 deep elf elementalists (Elf:3)
  11 reapers
  An iron dragon (Depths:3)
  2 juggernaut zombies (Depths:2)
  27 angels (Pan)
  3 orc warlords
  6 draconian stormcallers
  The ghost of groovy9 the Eclecticist, a journeyman DECj of Vehumet (Shoals:2)
  4 quicksilver oozes
  7 ghouls
  23 very ugly things
  17 ophanim (Pan)
  3 draconian annihilators
  A spriggan defender (Depths:3)
  13 stone giants
  10 formless jellyfish
  2 caustic shrike skeletons
  24 ironbound preservers
  6 ironbound thunderhulks
  9 deep elf death magi
  6 purple draconians
  9 black draconians
  9 green draconians
  2 deep elf annihilators (Elf:3)
  10 vampire knights
  4 white draconians
  9 deep elf demonologists
  3 dire elephants (Vaults:1)
  28 apis (Pan)
  A lorocyproca (Depths:4)
  2 halazid warlocks (Desolation)
  3 war gargoyles
  5 red draconians
  4 spark wasps (Depths:2)
  12 yellow draconians
  2 spectral titans (Depths:2)
  A blizzard demon (Hell)
  16 ettins
  A minotaur (Gauntlet)
  3 iron golems (Depths:4)
  7 eidola (Crypt:3)
  2 green deaths
  4 spectral golden dragons
  4 mummy priests
  7 merfolk javelineers
  A spectral quicksilver dragon (Depths:2)
  5 merfolk impalers
  6 entropy weavers
  17 fire dragons
  5 crystal guardians
  3 quicksilver dragon zombies
  4 jiangshi
  8 ragged hierophants (Desolation)
  20 yaktaur captains
  34 vault guards
  A rakshasa (D:15)
  9 deep elf high priests
  9 hydras
  4 spectral spriggans (Crypt:2)
  2 servants of whispers (Desolation)
  12 great orbs of eyes
  15 peacekeepers
  4 spriggan zombies
  A ghost crab (Gauntlet)
  A spriggan air mage (Depths:3)
  4 merfolk avatars
  A juggernaut simulacrum (Depths:2)
  A hell beast (Zot:4)
  A sphinx zombie (Vaults:2)
  7 centaur warriors
  2 ogre magi
  3 death knights
  5 ice dragons
  7 ironbound frosthearts
  A jorogumo (Spider:3)
  9 two-headed ogres
  An alligator snapping turtle (Shoals:1)
  8 satyrs
  2 merfolk aquamancers (Shoals:4)
  An alligator (Lair:1)
  A radroach (Spider:2)
  The ghost of Taul the Spear-Bearer, a novice MiFi of Okawaru (D:8)
  2 anacondas (Lair:1)
  2 catoblepae
  3 spriggan skeletons
  2 fenstrider witch skeletons (Crypt:3)
  5 boulder beetles
  6 death yaks
  10 deep troll earth magi
  5 orc high priests (Orc:2)
  A spectral stone giant (Crypt:2)
  A two-headed ogre (shapeshifter) (Vaults:5)
  10 tengu warriors
  9 demonic crawlers
  5 deep troll shamans
  7 hell hogs
  39 dancing weapons
  6 vampire magi
  A titan zombie (Crypt:3)
  A spectral dire elephant (Crypt:2)
  20 deep elf knights
  2 spriggan berserkers (Depths:2)
  9 soul eaters
  31 skeletal warriors
  10 hell knights
  A storm dragon zombie (Crypt:3)
  Sonja (Orc:2)
  3 crystal echidnas
  A skyshark (shapeshifter) (Vaults:3)
  17 sun demons
  9 iron trolls
  7 skysharks
  An iron giant zombie (Crypt:3)
  8 pharaoh ants
  A ghost moth zombie (Crypt:2)
  4 sixfirhies
  4 titan skeletons
  66 deep trolls
  2 spectral spark wasps (Depths:2)
  13 cherubim (Pan)
  A golden dragon zombie (Depths:3)
  A bunyip zombie (Crypt:3)
  A deep troll (shapeshifter) (Depths:1)
  8 flayed ghosts
  A quicksilver dragon simulacrum (Depths:2)
  An anaconda zombie (Hell)
  A death drake (shapeshifter) (Vaults:5)
  9 sea snakes
  5 glowing orange brains
  A mana viper (shapeshifter) (Vaults:5)
  A spectral anaconda (Crypt:2)
  6 orb spiders
  A spectral alligator (Crypt:2)
  A spectral hydra (Crypt:2)
  A sun moth (shapeshifter) (Depths:3)
  A sea snake (shapeshifter) (Vaults:4)
  19 deep elf archers
  An iron giant skeleton (Crypt:3)
  A spectral iron dragon (Depths:2)
  2 obsidian statues
  28 ironbound convokers
  2 bunyip skeletons (Crypt:3)
  An anaconda skeleton (Crypt:3)
  5 arcanists
  A bog body (Crypt:2)
  An elf zombie (Vaults:2)
  18 phantasmal warriors
  A shadow dragon skeleton (Depths:2)
  A sun moth (Spider:1)
  24 necromancers
  16 lindwurms
  10 steelbarb worms
  An alligator zombie (Hell)
  3 tengu zombies
  A sphinx simulacrum (Depths:2)
  6 harpies
  31 deep elf zephyrmancers
  19 wolf spiders
  3 iron dragon zombies (Crypt:3)
  17 orc knights
  52 deep elf pyromancers
  A draconian zombie (Crypt:3)
  A spectral ettin (Crypt:2)
  3 orc sorcerers
  20 ugly things
  A jorogumo skeleton (Crypt:2)
  30 moths of wrath
  10 cyclopes
  2 stone giant zombies
  3 shining eyes
  29 fauns
  2 alligator skeletons (Hell)
  16 manticores
  A spectral centaur (Crypt:2)
  Maurice (D:10)
  A dire elephant zombie (Crypt:3)
  A meliai (shapeshifter) (D:15)
  A moth of wrath (shapeshifter) (Vaults:5)
  14 black mambas
  32 elephants
  A fire giant skeleton (Vaults:2)
  3 human skeletons
  6 meliai
  9 merfolk sirens
  3 kobold blastminers
  A rust devil (Depths:4)
  An ice statue (Hell)
  7 water nymphs
  12 molten gargoyles
  10 vault sentinels
  5 guardian serpents
  18 cane toads
  An eye of devastation (D:10)
  8 torpor snails
  3 smoke demons
  A gargoyle (D:12)
  A shock serpent skeleton (Crypt:2)
  A kobold demonologist (D:9)
  A centaur skeleton (Hell)
  7 rime drakes
  A spectral two-headed ogre (Crypt:2)
  9 guardian mummies
  2 efreet
  8 freezing wraiths
  47 yaktaurs
  A golden dragon simulacrum (Depths:2)
  11 komodo dragons
  3 tengu conjurers
  4 harpy zombies
  2 tormentors (Depths:2)
  A minotaur skeleton (Crypt:1)
  A spectral naga (Crypt:2)
  An ancient zyme (D:4)
  2 red devils
  3 polar bears (Lair:3)
  2 yaktaur skeletons
  28 merfolk
  2 tengu simulacra (Depths:2)
  A queen bee (Lair:4)
  4 hydra zombies (Hell)
  13 hellwings (Crypt:3)
  A merfolk (shapeshifter) (Vaults:2)
  A queen bee (shapeshifter) (Elf:3)
  11 hornets
  3 spectral harpies (Crypt:2)
  4 tyrant leeches (Lair:5)
  5 trolls
  2 hydra skeletons
  A wind drake (Shoals:3)
  54 saltlings (Desolation)
  3 glass eyes
  A meliai zombie (Crypt:2)
  A raiju (shapeshifter) (Elf:1)
  23 blink frogs
  20 tarantellas
  6 snapping turtles
  2 dream sheep (Shoals:2)
  A guardian serpent zombie (Crypt:2)
  2 ettin zombies
  2 harpy skeletons
  38 jumping spiders
  A stone giant simulacrum (Depths:2)
  21 water elementals
  An air elemental (Elf:2)
  A shadow (D:13)
  2 yaks (shapeshifter)
  20 culicivoras
  A vampire (D:10)
  111 slime creatures
  14 wyverns
  2 spriggans
  9 wraiths
  4 fire elementals
  59 yaks
  An alligator snapping turtle simulacrum (Hell)
  12 basilisks
  A hog (shapeshifter) (D:14)
  2 merfolk skeletons (Crypt:3)
  A human (shapeshifter) (D:13)
  A steam dragon (Lair:4)
  A redback (shapeshifter) (D:13)
  2 wargs
  5 golden eyes
  An ushabti (Crypt:3)
  89 redbacks
  4 vampire mosquitoes (D:12)
  A naga zombie (Crypt:3)
  2 small abominations (D:4)
  2 acid dragons
  A naga skeleton (Hell)
  33 water moccasins
  A hornet zombie (D:5)
  2 ice beasts
  4 glowing shapeshifter skeletons
  43 orc warriors
  A swamp dragon zombie (Crypt:1)
  The ghost of occam the Ruffian, an amateur TrSh (D:4)
  A sky beast (D:7)
  6 black bears
  16 laughing skulls
  A spriggan simulacrum (Depths:2)
  8 ogres
  11 centaurs
  2 boggarts (D:13)
  16 wolves
  A komodo dragon zombie (Crypt:2)
  2 phantoms (D:4)
  A brain worm (shapeshifter) (D:14)
  2 kobold brigands
  Blork the orc (D:6)
  2 human zombies
  2 necrophages (Crypt:2)
  7 bullfrogs
  3 earth elementals
  An elf skeleton (Crypt:1)
  2 gnoll sergeants
  6 scorpions
  A water moccasin zombie (D:5)
  9 wights
  8 wyvern skeletons (Crypt:3)
  2 jellies (D:5)
  44 killer bees
  9 howler monkeys
  3 electric eels
  A bullfrog zombie (D:5)
  A centaur zombie (D:5)
  2 human simulacra
  2 gnoll boudas
  3 quasits (D:8)
  31 orc priests
  A hound (D:5)
  Natasha (thrice) (D:3)
  An iguana (D:5)
  An iron imp (D:4)
  7 orc wizards
  26 hell rats
  A deep dwarf zombie (Crypt:2)
  An ogre skeleton (Crypt:1)
  A mummy (Crypt:3)
  A howler monkey zombie (Crypt:1)
  17 adders
  17 gnolls
  13 river rats (Lair:1)
  3 shadow imps
  2 white imps
  6 ufetubi
  An adder zombie (D:5)
  A ribbon worm (D:3)
  A dart slug (D:3)
  63 orcs
  6 ball pythons
  9 endoplasms
  5 giant cockroaches
  8 goblins
  8 hobgoblins
  8 jackals
  12 quokkas
  4 bats
  4 frilled lizards
  16 kobolds
  14 rats
2977 creatures vanquished.

Vanquished Creatures (collateral kills)
  A jorogumo (Spider:1)
  An orc knight (Orc:2)
  A moth of wrath (Spider:1)
  A jumping spider (Spider:1)
  A redback (Spider:1)
5 creatures vanquished.

Vanquished Creatures (others)
  A fire giant (Depths:3)
  An emperor scorpion (Spider:4)
  A ghost moth (Zot:3)
  A vampire knight (Depths:3)
  A deep elf death mage (Elf:3)
  A deep elf annihilator (Elf:3)
  An ettin (Depths:3)
  3 deep elf knights
  A hell knight (Depths:3)
  2 deep elf archers
  A deep elf pyromancer (Shoals:3)
  A deep elf zephyrmancer (Elf:1)
  A manticore (Shoals:4)
  2 fauns (Shoals:3)
  A saltling (Desolation)
  A snapping turtle (shapeshifter) (Vaults:5)
  A wyvern (D:9)
  2 water elementals
  2 humans (Spider:1)
  A naga simulacrum (Hell)
  An orc wizard (Orc:2)
27 creatures vanquished.

Grand Total: 3009 creatures vanquished

Table legend:
 A = Non-vault XP
 B = Vault XP
 C = Vault XP percentage of total XP
 D = Non-vault monster count
 E = Vault monster count
 F = Vault count percentage of total count
                 A         B        C        D         E       F
            +---------+---------+-------+---------+---------+-------
      Total |  910201 |  912037 |  50.1 |    1700 |    1279 |  42.9
            +---------+---------+-------+---------+---------+-------
        D:1 |      40 |       0 |   0.0 |      22 |       0 |   0.0
        D:2 |     112 |      10 |   8.2 |      19 |       8 |  29.6
        D:3 |     179 |      66 |  26.9 |      32 |       6 |  15.8
        D:4 |     430 |     822 |  65.7 |      16 |       7 |  30.4
        D:5 |     544 |     441 |  44.8 |      18 |       6 |  25.0
        D:6 |     978 |      94 |   8.8 |      23 |       1 |   4.2
        D:7 |     906 |       0 |   0.0 |      18 |       0 |   0.0
        D:8 |    3564 |     962 |  21.3 |      36 |       4 |  10.0
        D:9 |    2383 |    1977 |  45.3 |      20 |      11 |  35.5
       D:10 |    5169 |    1377 |  21.0 |      33 |       4 |  10.8
       D:11 |    2900 |       0 |   0.0 |      16 |       0 |   0.0
       D:12 |    6295 |    2884 |  31.4 |      18 |      18 |  50.0
       D:13 |    5863 |   15619 |  72.7 |      11 |      34 |  75.6
       D:14 |    4875 |   22009 |  81.9 |      10 |      31 |  75.6
       D:15 |    9161 |    2720 |  22.9 |      20 |       3 |  13.0
     Lair:1 |    7650 |    9362 |  55.0 |      32 |      58 |  64.4
     Lair:2 |    9770 |    1210 |  11.0 |      28 |       5 |  15.2
     Lair:3 |    7943 |    1864 |  19.0 |      23 |      15 |  39.5
     Lair:4 |   13415 |   11655 |  46.5 |      36 |      58 |  61.7
     Lair:5 |   15308 |   16871 |  52.4 |      44 |      55 |  55.6
   Shoals:1 |    8051 |    1400 |  14.8 |      15 |       1 |   6.2
   Shoals:2 |    8656 |    1135 |  11.6 |      19 |       1 |   5.0
   Shoals:3 |   16271 |    4752 |  22.6 |      33 |       7 |  17.5
   Shoals:4 |   18761 |   22553 |  54.6 |      37 |      39 |  51.3
   Spider:1 |   34389 |    1433 |   4.0 |     108 |       1 |   0.9
   Spider:2 |    4765 |       0 |   0.0 |      10 |       0 |   0.0
   Spider:3 |   19147 |    7918 |  29.3 |      43 |       9 |  17.3
   Spider:4 |   15997 |   17642 |  52.4 |      42 |      28 |  40.0
    Slime:1 |    5296 |       0 |   0.0 |      17 |       0 |   0.0
    Slime:2 |    7164 |       0 |   0.0 |      15 |       0 |   0.0
    Slime:3 |   12999 |       0 |   0.0 |      26 |       0 |   0.0
    Slime:4 |   15377 |       0 |   0.0 |      21 |       0 |   0.0
    Slime:5 |   14520 |   26513 |  64.6 |      21 |      17 |  44.7
      Orc:1 |    1474 |       0 |   0.0 |      10 |       0 |   0.0
      Orc:2 |    1790 |   11361 |  86.4 |      26 |      64 |  71.1
      Elf:1 |   27337 |   14074 |  34.0 |      45 |      23 |  33.8
      Elf:2 |   29257 |   25858 |  46.9 |      51 |      34 |  40.0
      Elf:3 |   14534 |   28701 |  66.4 |      26 |      29 |  52.7
   Vaults:1 |   26864 |   20104 |  42.8 |      40 |      26 |  39.4
   Vaults:2 |   22592 |   27218 |  54.6 |      39 |      41 |  51.2
   Vaults:3 |   27363 |   24128 |  46.9 |      48 |      28 |  36.8
   Vaults:4 |   30392 |   30627 |  50.2 |      46 |      41 |  47.1
   Vaults:5 |   24140 |  104707 |  81.3 |      28 |      98 |  77.8
    Crypt:1 |   28063 |       0 |   0.0 |      46 |       0 |   0.0
    Crypt:2 |   17094 |   20129 |  54.1 |      34 |      30 |  46.9
    Crypt:3 |       0 |   72249 | 100.0 |       0 |     110 | 100.0
   Depths:1 |   24377 |       0 |   0.0 |      31 |       0 |   0.0
   Depths:2 |   36649 |   42892 |  53.9 |      40 |      56 |  58.3
   Depths:3 |    7366 |   27524 |  78.9 |      12 |      26 |  68.4
   Depths:4 |   66809 |   35591 |  34.8 |      72 |      33 |  31.4
       Hell |   21014 |   19324 |  47.9 |      28 |      30 |  51.7
      Zot:1 |   27275 |    6057 |  18.2 |      23 |       3 |  11.5
      Zot:2 |   45697 |    8283 |  15.3 |      41 |       2 |   4.7
      Zot:3 |   16376 |       0 |   0.0 |      15 |       0 |   0.0
      Zot:4 |   25002 |   10426 |  29.4 |      23 |       4 |  14.8
      Zot:5 |   39270 |  114702 |  74.5 |      30 |      43 |  58.9
        Pan |   70588 |   47239 |  40.1 |      64 |      39 |  37.9
 Desolation |       0 |   43457 | 100.0 |       0 |      87 | 100.0
   Gauntlet |       0 |    4097 | 100.0 |       0 |       5 | 100.0
            +---------+---------+-------+---------+---------+-------

Skill      XL: |  1  2  3  4  5  6  7  8  9 10 11 12 13 14 15 16 17 18 19 20 21 22 23 24 25 26 27 |
---------------+----------------------------------------------------------------------------------+-----
Dodging        | 3 4 5 7 10 14 17 18 19 20 22 24 27 | 27.0
Unarmed Combat | 4 5 8 9 10 11 | 11.5
Fighting       | 2 3 5 8 11 14 15 17 18 20 22 23 27 | 27.0
Stealth        | 1 2 3 4 5 9 10 12 13 14 15 16 17 22 | 22.9
Shapeshifting  | 5 7 8 9 10 12 14 16 18 20 21 23 24 25 27 | 27.0
Long Blades    | 4 7 12 14 15 16 17 21 23 24 27 | 27.0
Shields        | 6 10 12 13 15 16 18 22 | 22.9
Invocations    | 3 5 |  5.0
Armour         | 3 5 6 8 |  8.0
Evocations     | 4 5 |  5.0
Hexes          | 8 |  8.5
Spellcasting   | 3 |  3.7
Short Blades   | |  0.1

Action                     |  1- 3 |  4- 6 |  7- 9 | 10-12 | 13-15 | 16-18 | 19-21 | 22-24 | 25-27 || total
---------------------------+-------+-------+-------+-------+-------+-------+-------+-------+-------++-------
  Melee: Unarmed           |    42 |   117 |       |       |     4 |       |       |       |       ||   163
         Punch             |     1 |     4 |    12 |    15 |    26 |       |       |       |       ||    58
         Dagger            |       |     8 |     1 |     1 |    30 |       |       |       |       ||    40
         Short sword       |       |    20 |    38 |       |    65 |       |       |       |       ||   123
         War axe           |       |       |   201 |   303 |       |       |       |       |       ||   504
         Scimitar          |       |       |       |   191 |   553 |       |       |       |       ||   744
         Great sword       |       |       |       |    13 |       |       |       |       |       ||    13
         Tailslap          |       |       |       |     6 |     1 |    74 |    32 |       |    12 ||   125
         Long sword        |       |       |       |       |   600 |  1482 |   487 |       |       ||  2569
         Bite              |       |       |       |       |     1 |       |       |       |       ||     1
         Double sword      |       |       |       |       |       |       |   835 |  1304 |  2395 ||  4534
         Eudemon blade     |       |       |       |       |       |       |       |   306 |  1402 ||  1708
         Demon blade       |       |       |       |       |       |       |       |       |    10 ||    10
   Fire: Sling             |    24 |    38 |     1 |       |       |       |       |       |       ||    63
  Evoke: Wand              |       |     6 |     3 |     4 |    12 |     5 |       |       |     6 ||    36
         Sack of spiders   |       |       |       |       |     2 |       |       |       |       ||     2
         Tin of tremorston |       |       |       |       |     1 |       |       |       |       ||     1
         Phantom mirror    |       |       |       |       |       |     1 |       |       |       ||     1
    Use: Potion            |       |     1 |     1 |     4 |     4 |     1 |     7 |     1 |    11 ||    30
         Scroll            |       |       |    10 |     7 |    19 |     6 |    11 |    15 |    20 ||    88
   Stab: Sleeping          |     3 |     3 |    26 |    11 |    69 |    60 |    47 |    80 |    68 ||   367
         Distracted        |       |     1 |       |     2 |    10 |    14 |    16 |    11 |    39 ||    93
         Held in net/web   |       |       |       |       |     1 |       |       |       |       ||     1
 Armour: Animal skin       |    13 |    23 |       |       |       |       |       |       |       ||    36
         Leather armour    |       |    31 |   161 |   155 |       |       |       |       |       ||   347
         Skin              |       |    37 |     4 |       |     2 |   196 |   369 |   376 |   262 ||  1246
         Troll leather arm |       |       |       |   118 |   294 |   205 |    29 |    35 |       ||   681
         Ring mail         |       |       |       |       |       |       |       |    15 |   323 ||   338
  Dodge: Dodged            |    23 |   102 |   429 |  1142 |   934 |  1851 |  1627 |  2312 |  3089 || 11509
  Block: Kite shield       |       |       |       |       |   501 |  1771 |  1755 |  1476 |       ||  5503
         Tower shield      |       |       |       |       |       |       |       |  1053 |  5907 ||  6960
         Form:             |       |       |     1 |       |     1 |       |     2 |     2 |     9 ||    15
         Beast             |       |       |     1 |       |       |       |       |       |       ||     1
         Dragon            |       |       |       |       |     1 |       |       |       |       ||     1
         Statue            |       |       |       |       |       |     1 |     2 |     3 |     8 ||    14
         Death             |       |       |       |       |       |       |       |     2 |    12 ||    14

Illustrated notes

Table legend:
 A = Kills in this place as a percentage of kills in the entire game.
 B = Kills by you in this place as a percentage of kills by you in the entire game.
 C = Kills by friends in this place as a percentage of kills by friends in the entire game.
 D = Other kills in this place as a percentage of other kills in the entire game.
 E = Experience gained in this place as a percentage of experience gained in the entire game.
 F = Experience gained in this place divided by the number of levels of this place that you have seen.
                   A       B       C       D       E      F
               +-------+-------+-------+-------+-------+----------------------
         Total | 100.0 | 100.0 | 100.0 | 100.0 | 100.0 | 30018.7
       Dungeon |  15.0 |  15.1 |   0.0 |   9.1 |   5.2 | 6408.7
          Lair |  11.9 |  11.9 |   0.0 |   0.0 |   5.2 | 19009.6
        Shoals |   5.1 |   5.1 |   0.0 |  18.2 |   4.5 | 20394.8
   Spider Nest |   8.1 |   7.9 |  80.0 |   9.1 |   5.5 | 25322.8
    Slime Pits |   3.9 |   3.9 |   0.0 |   0.0 |   4.5 | 16373.8
  Orcish Mines |   3.3 |   3.3 |  20.0 |   0.0 |   0.8 | 7312.5
   Elven Halls |   7.0 |   6.9 |   0.0 |  36.4 |   7.6 | 46587.0
        Vaults |  14.6 |  14.6 |   0.0 |   9.1 |  18.5 | 67627.0
         Crypt |   7.4 |   7.4 |   0.0 |   0.0 |   7.5 | 45845.0
        Depths |   9.1 |   9.1 |   0.0 |   9.1 |  13.3 | 60962.8
          Hell |   1.9 |   2.0 |   0.0 |   0.0 |   2.2 | 40338.0
           Zot |   6.2 |   6.2 |   0.0 |   9.1 |  16.1 | 59119.4
   Pandemonium |   3.4 |   3.5 |   0.0 |   0.0 |   6.4 | 117827.0
    Desolation |   2.9 |   2.9 |   0.0 |   0.0 |   2.4 | 43457.0
      Gauntlet |   0.2 |   0.2 |   0.0 |   0.0 |   0.2 | 4097.0
               +-------+-------+-------+-------+-------+----------------------

Table legend: (Time is in decaauts)
 A = Elapsed time spent in this place.
 B = Non-inter-level travel time spent in this place.
 C = Inter-level travel time spent in this place.
 D = Time resting spent in this place.
 E = Time spent auto-exploring this place.
 F = Levels seen in this place.
 G = Mean time per level.
                   A        B        C        D        E       F      G
               +--------+--------+--------+--------+--------+-----+--------+
         Total | 106439 |  92342 |  14097 |  19738 |  34172 |  61 | 1744.9 |
       Dungeon |  22364 |  17247 |   5117 |   2349 |   9356 |  15 | 1490.9 |
          Lair |   8109 |   6660 |   1449 |    728 |   2848 |   5 | 1621.8 |
        Shoals |   5081 |   4524 |    557 |    232 |   1232 |   4 | 1270.2 |
   Spider Nest |   6300 |   5974 |    326 |   1560 |   2084 |   4 | 1575.0 |
    Slime Pits |   3057 |   2760 |    297 |    334 |   1378 |   5 |  611.4 |
  Orcish Mines |   4255 |   3657 |    598 |   1068 |    956 |   2 | 2127.5 |
   Elven Halls |   7585 |   6750 |    835 |   1147 |   2810 |   3 | 2528.3 |
        Vaults |  12760 |  11079 |   1681 |   1633 |   4743 |   5 | 2552.0 |
         Crypt |   6231 |   5738 |    493 |    821 |   2583 |   3 | 2077.0 |
        Depths |   9977 |   8326 |   1651 |   2442 |   3003 |   4 | 2494.2 |
          Hell |    871 |    870 |      1 |      0 |    314 |   1 |  871.0 |
           Zot |  11777 |  10690 |   1087 |   4619 |   2062 |   5 | 2355.4 |
   Pandemonium |   5050 |   5050 |      0 |   2140 |    298 |   1 | 5050.0 |
        Bazaar |    234 |    234 |      0 |      0 |    147 |   1 |  234.0 |
        Wizlab |    306 |    306 |      0 |    124 |      0 |   1 |  306.0 |
    Desolation |   1788 |   1788 |      0 |    441 |    169 |   1 | 1788.0 |
      Gauntlet |    685 |    685 |      0 |     93 |    183 |   1 |  685.0 |
               +--------+--------+--------+--------+--------+-----+--------+

Top non-repeatable levels by time:
   Zot:5: 5140 daAuts
   Orc:2: 3571 daAuts
Depths:4: 3549 daAuts
Depths:2: 3532 daAuts
 Crypt:3: 2988 daAuts
Vaults:2: 2897 daAuts
   Elf:1: 2826 daAuts
Vaults:4: 2669 daAuts
Vaults:3: 2608 daAuts
    D:13: 2473 daAuts
   Zot:2: 2449 daAuts
   Elf:3: 2446 daAuts
Spider:3: 2430 daAuts
Vaults:5: 2338 daAuts
   Elf:2: 2311 daAuts
